 Dungeon Crawl Stone Soup version 0.30-a0-223-gcb0039aa0c (webtiles) character file.

Game seed: 17053798137471030970

542242 qw the Slayer (level 26, 0/183 HPs)
             Began as a Gargoyle Fighter on Oct 9, 2022.
             Was a High Priest of Okawaru.
             Killed from afar by a black draconian knight (13 damage)
             ... with a bolt of lightning
             ... on level 1 of the Realm of Zot.
             The game lasted 00:27:27 (48829 turns).

qw the Slayer (Gargoyle Fighter)                   Turns: 48829, Time: 00:27:28

Health: 0/183      AC: 54    Str: 34    XL:     26   Next: 3%
Magic:  30/30      EV: 13    Int: 14    God:    Okawaru [*****.]
Gold:   5044       SH: 29    Dex:  8    Spells: 25/25 levels left

rFire   + . .      SeeInvis .    x - +8 broad axe "Utecem" {venom, Fly rElec rCorr}
rCold   + . .      Faith    .    B - +1 tower shield {AC+3}
rNeg    + . .      Spirit   .    N - +0 plate armour "Ileuc" {Contam rElec Regen+ Str+4}
rPois   inf        Reflect  +    (no helmet)
rElec   +          Harm     .    l - scarf {rC+ rF+}
rCorr   +          Rampage  inf  w - +2 pair of gloves
Will    +....                    h - +3 pair of seven-league boots {Rampage+∞}
Stlth   ..........               y - amulet of reflection
HPRegen 1.30/turn                D - +4 ring of protection
MPRegen 0.22/turn                v - +4 ring of slaying {mikee}

@: about to teleport, heroic, corroded, flying, unable to drink
A: sickness immunity, AC +20, big wings, negative energy resistance 1,
electricity resistance, torment resistance 1, petrification resistance, clever
1, inability to drink after injury 1
}: 3/15 runes: barnacled, silver, gossamer
a: Renounce Religion, Heroism, Finesse, Duel


You were on level 1 of the Realm of Zot.
You worshipped Okawaru.
Okawaru was extremely pleased with you.
You visited 9 branches of the dungeon, and saw 41 of its levels.
You visited the Abyss 3 times.

You collected 8287 gold pieces.
You spent 3243 gold pieces at shops.


Innate Abilities, Weirdness & Mutations

You are immune to sickness and miasma.
Your stone body is resilient. (AC +20)
You are immune to poison.
Your large and strong wings let you fly.
You resist negative energy. (rN+)
You are resistant to electric shocks. (rElec)
You are resistant to unholy torment.
You are immune to petrification.
Your mind is acute. (Int +4, Str/Dex -1)
You occasionally lose the ability to drink potions when taking damage.


   Skills:
 + Level 23.4(27) Fighting
 - Level 18.0(23.0) Axes
 - Level 13.0(18.0) Throwing
 - Level 21.0(26.0) Armour
 - Level 8.0(13.0) Dodging
 - Level 22.0(27) Shields
 - Level 10.0 Invocations


You had 25 spell levels left.
You didn't know any spells.
Your spell library was empty.

Inventory:

Hand Weapons
 x - the +8 broad axe "Utecem" (weapon) {venom, Fly rElec rCorr}
   (Okawaru gifted it to you on level 4 of the Lair of Beasts)

   It poisons the flesh of those it strikes.
   rElec:     It insulates you from electricity.
   Fly:       It grants you flight.
   rCorr:     It protects you from acid and corrosion.
 Q - the +9 hand axe of the Conjuring Genius {speed, *Slow rElec rCorr Dex+4}
   (You found it on level 5 of the Vaults)

   Attacks with this weapon are significantly faster.
   Dex:       It affects your dexterity (+4).
   rElec:     It insulates you from electricity.
   rCorr:     It protects you from acid and corrosion.
   *Slow:     It may slow you when you take damage.
Missiles
 q - 14 javelins (quivered)
 A - 2 silver boomerangs
 G - 32 boomerangs
Armour
 c - the +1 helmet "Ocvudis" {Rampage Will+ Regen+ SInv}
   (You bought it in a shop on level 2 of the Depths)

   SInv:      It lets you see invisible.
   Regen:     It increases your rate of health regeneration.
   Rampage:   It bestows one free step when moving towards enemies.
   Will:      It increases your willpower.
 f - the +0 pair of boots "Gecvess" {Harm rF+ Str+9 Stlth-}
   (Okawaru gifted it to you on level 5 of the Vaults)

   Str:       It affects your strength (+9).
   rF:        It protects you from fire.
   Harm:      It increases damage dealt and taken.
   Stlth:     It makes you less stealthy.
 h - the +3 pair of seven-league boots (worn) {Rampage+∞}
   (You acquired it on level 5 of the Lair of Beasts)

   Its wearer moves as far as possible in that direction when moving towards
   enemies.
 l - a scarf of resistance (worn)
 r - the +1 cloak "Uppeugox" {rCorr Slay+2}
   (You found it on level 3 of the Depths)

   Slay:      It affects your accuracy & damage with ranged weapons and melee
   (+2).
   rCorr:     It protects you from acid and corrosion.
 w - a +2 pair of gloves (worn)
 B - a +1 tower shield of protection (worn)
 I - +0 gold dragon scales
 N - the +0 plate armour "Ileuc" (worn) {Contam rElec Regen+ Str+4}
   (Okawaru gifted it to you on level 2 of the Vaults)

   Str:       It affects your strength (+4).
   rElec:     It insulates you from electricity.
   Contam:    It causes magical contamination when unequipped.
   Regen:     It increases your rate of health regeneration.
 O - the +3 ring mail of Eternal Night {Regen+ rCorr}
   (You bought it in a shop on level 1 of the Depths)

   Regen:     It increases your rate of health regeneration.
   rCorr:     It protects you from acid and corrosion.
 P - the +5 chain mail of the Bells {Rampage rC+ MP+9 Str+4}
   (You found it on level 5 of the Vaults)

   Str:       It affects your strength (+4).
   rC:        It protects you from cold.
   MP:        It affects your magic capacity (+9).
   Rampage:   It bestows one free step when moving towards enemies.
Jewellery
 j - a ring of resist corrosion
 o - a ring of ice
 s - the amulet of Ciavovo {Spirit rC+}
   (You found it on level 5 of the Vaults)

   [amulet of guardian spirit]

   It causes incoming damage to be divided between your reserves of health and
   magic.
   rC:        It protects you from cold.
 v - a +4 ring of slaying (right hand) {mikee}
 y - an amulet of reflection (around neck)
 D - a +4 ring of protection (left hand)
 E - a ring of protection from fire
 H - a ring of protection from cold
 J - a ring of protection from fire
 M - the amulet of Seadokid {Spirit rElec rN+ SInv}
   (You acquired it on level 3 of the Vaults)

   [amulet of guardian spirit]

   It causes incoming damage to be divided between your reserves of health and
   magic.
   rElec:     It insulates you from electricity.
   rN:        It protects you from negative energy.
   SInv:      It lets you see invisible.
Wands
 p - a wand of digging (8)
Scrolls
 a - 20 scrolls of teleportation
 g - 25 scrolls of identify
 C - 2 scrolls of brand weapon
 F - 7 scrolls of enchant weapon
 L - a scroll of enchant armour
Potions
 b - 8 potions of cancellation
 d - 8 potions of might
 e - 4 potions of lignification
 i - 8 potions of resistance
 k - 9 potions of curing
 m - a potion of heal wounds
 n - 7 potions of attraction
 u - 6 potions of haste
 z - 5 potions of magic

Dungeon Overview and Level Annotations

Branches:
Dungeon (15/15)            Temple (1/1) D:4            Lair (5/5) D:11
 Shoals (4/4) Lair:2       Spider (4/4) Lair:3        Slime (0/5) Lair:4
    Orc (2/2) D:12            Elf (0/3) Orc:2        Vaults (5/5) D:14
  Crypt (0/3) Vaults:2     Depths (4/4) D:15            Zot (1/5) Depths:4

Altars:
Ashenzari
Cheibriados
Dithmenos
Elyvilon
Fedhas
Gozag
Hepliaklqana
Kikubaaqudgha
Makhleb
Nemelex Xobeh
Okawaru
Qazlal
Ru
Sif Muna
Trog
Uskayaw
Vehumet
Wu Jian
Xom
Yredelemnul
Zin
The Shining One
Lugonu

Shops:
D:6 ?   D:11 [   D:15 *   Orc:2 [([!   Shoals:1 *   Shoals:2 ::   Vaults:1 *
Depths:1 [   Depths:2 [   Depths:4 :

Portals:
Hell: Depths:1 Depths:2 Depths:3 Depths:4
Abyss: D:5 Lair:5 Depths:1 Depths:3
Pandemonium: Depths:2
Ziggurat: Depths:2

Annotations:
D:5 2 transporters, qw's ghost, novice GrFi
D:6 2 transporters
D:8 1 runed translucent door, qw's ghost, novice GrFi
D:9 6 transporters
Lair:4 1 runed translucent door, Raneoc's ghost, journeyman MiFi
Vaults:3 2 transporters, Moagi's ghost, adept GnSk
Vaults:4 3 runed translucent doors
Depths:1 1 runed translucent door


Message History

Okawaru accepts your kill.
You miss something. You hit the electric golem. You slash the white draconian!
The white draconian looks as sick as possible!
The electric golem misses you.
You block the electric golem's attack. x2
The electric golem hits you but does no damage.
Something hits you. You block the white draconian's attack.
The white draconian hits you but does no damage.
A yellow draconian annihilator comes into view.
It is wielding a +0 long sword.
You slash the white draconian!
The white draconian is severely wounded.
You barely miss something. You miss the electric golem.
The electric golem hits you but does no damage.
The electric golem closely misses you.
The electric golem hits you but does no damage.
You block the electric golem's attack.
You hear some strange, mumbled words.
A shard of ice appears from out of thin air!
The shard of ice hits you!! You partially resist.
The white draconian barely misses you. You block the white draconian's attack.
The electric golem blinks!
48828 ||| READING 21 scrolls of teleportation.
As you read the scroll of teleportation, it crumbles to dust.
You feel strangely unstable.
You feel the Orb delaying your translocation!
A bolt of lightning appears from out of thin air!
The bolt of lightning hits you! You resist.
The electric golem hurls lightning at you.
The bolt of lightning misses you.
The yellow draconian annihilator mumbles some strange words.
The yellow draconian annihilator blinks!
You block the white draconian's attack. x2; Something hits you!
You slash the white draconian!
The white draconian looks as sick as possible!
The white draconian is almost dead.
You hit something.
The electric golem hurls lightning at you.
The bolt of lightning hits you. You resist.
A bolt of lightning appears from out of thin air!
The bolt of lightning hits you! You resist.
You die...

.# .#
##### .#
...000
.###
....¤0###
...
qd0¤00'>#
0# #q# 0#
#d# 0#
...#####d#
0#
.......@{#
......
......¤).#
....##
.........#
.$$.#
.........#
....#
.........#
....#
.........#
....#
.......9.#
....#
.........#


You could see an electric golem, 2 draconians and a yellow draconian
annihilator.

Vanquished Creatures
  A dread lich (Abyss:2)
  An orb of fire (Zot:1)
  the Enchantress (Depths:3)
  3 golden dragons
  An electric golem (Zot:1)
  A tentacled monstrosity (Vaults:5)
  Zenata (Vaults:3)
  3 liches
  A quicksilver dragon (Vaults:5)
  5 titans (Vaults:5)
  Polyphemus (Shoals:4)
  Gastronok (Lair:2)
  2 tentacled starspawn (Abyss:2)
  5 sphinxes
  5 tengu reavers
  8 shadow dragons
  A daeva (Abyss:2)
  4 storm dragons
  Donald (Spider:4)
  7 fire giants
  2 draconian knights
  A deep elf sorcerer (Vaults:3)
  2 draconian scorchers
  10 frost giants
  A frost giant (shapeshifter) (Vaults:5)
  3 iron dragons
  7 emperor scorpions
  21 vault wardens
  4 ghost moths
  5 broodmothers
  2 orc warlords
  3 war gargoyles
  17 ironbound preservers
  19 stone giants
  2 vampire knights
  30 very ugly things
  5 ironbound thunderhulks
  A deep elf demonologist (Vaults:5)
  5 spriggan defenders
  A draconian annihilator (Zot:1)
  3 purple draconians
  Azrael (Orc:2)
  A red draconian (Depths:4)
  3 green draconians
  3 black draconians
  3 minotaurs (Shoals:4)
  2 yellow draconians
  11 spark wasps
  7 dire elephants
  A white draconian (Depths:4)
  8 fire dragons
  Snorg (D:11)
  A deep elf death mage (Vaults:5)
  3 jiangshi (Depths:4)
  3 merfolk impalers
  Josephine (Orc:1)
  5 ettins
  11 yaktaur captains
  3 merfolk javelineers
  3 deep elf high priests (Vaults:5)
  8 entropy weavers
  9 great orbs of eyes
  Harold (D:11)
  10 hydras
  4 ice dragons
  A catoblepas (shapeshifter) (Depths:1)
  Fannar (D:11)
  2 rakshasas
  A peacekeeper (Vaults:3)
  An alligator snapping turtle (Shoals:4)
  A two-headed ogre (shapeshifter) (Vaults:3)
  15 centaur warriors
  7 two-headed ogres
  32 vault guards
  4 ogre magi
  A jorogumo (Spider:1)
  3 merfolk avatars
  4 radroaches
  4 merfolk aquamancers
  7 boulder beetles
  A naga warrior (Abyss:1)
  4 catoblepae
  4 spriggan air magi
  9 ironbound frosthearts
  A death knight (D:13)
  A dancing weapon (Abyss:2)
  7 tengu warriors
  13 satyrs
  Urug (D:11)
  2 deep troll earth magi
  6 deep troll shamans
  5 spriggan berserkers
  A vampire mage (Depths:4)
  8 death yaks
  A sun demon (Depths:1)
  A hell knight (Vaults:5)
  6 thrashing horrors
  8 orc high priests
  A fire crab (D:13)
  A deep elf knight (Spider:1)
  2 wretched stars
  7 iron trolls
  45 deep trolls
  2 flayed ghosts
  12 pharaoh ants
  A sixfirhy (Abyss:2)
  14 sea snakes
  3 sun moths
  11 steelbarb worms
  10 ironbound convokers
  8 orb spiders
  6 glowing orange brains
  8 lindwurms
  7 starcursed masses (Abyss:1)
  A deep elf archer (Spider:1)
  14 orc knights
  A wolf spider zombie (D:13)
  A mana viper (shapeshifter) (D:13)
  A shadow dragon zombie (Vaults:4)
  4 necromancers
  19 harpies
  3 phantasmal warriors (Vaults:5)
  10 wizards
  2 deep elf pyromancers
  52 ugly things
  2 orc sorcerers
  A manticore (shapeshifter) (D:13)
  A worldbinder (Abyss:1)
  31 wolf spiders
  A stone giant zombie (Vaults:3)
  10 cyclopes
  A shadow dragon skeleton (Depths:2)
  13 manticores
  11 fauns
  4 moths of wrath
  2 stone giant skeletons
  18 vault sentinels
  4 torpor snails
  20 elephants
  6 water nymphs
  A guardian serpent (Abyss:1)
  7 merfolk sirens
  5 gargoyles
  9 centaur zombies (D:13)
  A fire giant skeleton (Vaults:3)
  3 black mambas
  8 cane toads
  6 smoke demons
  Maggie (D:10)
  An orange demon (Abyss:2)
  37 yaktaurs
  3 rime drakes
  10 demonic crawlers
  10 komodo dragons
  2 komodo dragons (shapeshifter)
  An unseen horror (D:12)
  A kobold demonologist (D:13)
  2 efreet (D:13)
  2 tengu conjurers
  7 freezing wraiths
  A spriggan skeleton (Depths:2)
  4 ancient zymes
  2 human skeletons
  A merfolk (shapeshifter) (Lair:5)
  7 hornets
  A queen bee (shapeshifter) (D:13)
  7 trolls
  A hydra zombie (Abyss:2)
  2 polar bears
  3 meliai (Spider:3)
  A wind drake (shapeshifter) (D:14)
  23 merfolk
  2 dream sheep (shapeshifter)
  29 tarantellas
  7 raiju
  30 slime creatures
  3 wind drakes
  A meliai zombie (D:13)
  7 large abominations
  9 snapping turtles
  13 dream sheep
  27 blink frogs
  A fire giant simulacrum (Depths:2)
  35 culicivoras
  51 jumping spiders
  12 spriggans
  2 vampires
  3 wyverns
  3 shadows (D:12)
  9 basilisks
  4 chaos spawn
  4 fire elementals (Orc:2)
  21 water elementals
  Grum (D:8)
  A fire bat (Abyss:2)
  6 wraiths
  A golden eye (shapeshifter) (D:14)
  40 yaks
  A ynoxinul (Lair:5)
  56 redbacks
  A hog (shapeshifter) (Lair:5)
  2 steam dragons
  8 vampire mosquitoes
  4 wargs
  2 neqoxecs
  A glowing shapeshifter zombie (Depths:2)
  19 water moccasins
  A hell hound (Spider:1)
  Duvessa (D:5)
  19 orc warriors
  6 sky beasts (Depths:1)
  A black bear (D:6)
  4 ice beasts
  2 black bears (shapeshifter)
  16 wolves
  13 centaurs
  9 ogres
  3 boggarts (Vaults:1)
  2 kobold brigands
  12 bullfrogs
  A glowing shapeshifter simulacrum (Vaults:4)
  A gnoll sergeant (D:6)
  A necrophage (D:6)
  11 wights
  Dowan (D:5)
  A human simulacrum (Vaults:3)
  2 troll zombies (D:12)
  4 killer bees (D:9)
  6 electric eels
  A quasit (Abyss:2)
  A jelly (D:5)
  7 hounds
  29 orc priests
  An iguana (D:3)
  2 boggart zombies (D:13)
  25 orc wizards
  7 hell rats (Lair:1)
  4 lightning spires (Depths:1)
  21 small abominations
  4 ogre zombies (D:12)
  7 adders
  14 gnolls
  2 shadow imps (D:6)
  2 white imps
  2 ufetubi
  3 worms
  3 dart slugs (D:3)
  45 orcs
  6 ball pythons
  3 bats
  8 endoplasms
  4 giant cockroaches
  3 hobgoblins
  8 jackals (D:1)
  4 quokkas
  2 frilled lizards (D:1)
  3 goblins
  3 goblin skeletons (D:12)
  2 goblin zombies (D:12)
  2 hobgoblin skeletons (D:12)
  12 kobolds
  4 orc skeletons (D:12)
  8 orc zombies (D:12)
  10 rats
1799 creatures vanquished.

Vanquished Creatures (others)
  A ghost moth (Spider:3)
  A faun (Shoals:4)
  An orc warrior (Orc:2)
  13 fungi
  72 plants
  2 starspawn tentacles (Abyss:2)
90 creatures vanquished.

Grand Total: 1889 creatures vanquished

Notes
Turn   | Place    | Note
-------+----------+-------------------------------------------
     0 | D:1      | qw the Gargoyle Fighter began the quest for the Orb.
     0 | D:1      | Reached XP level 1. HP: 14/14 MP: 1/1
     0 | D:1      | 0 ||| qw: Version: 0.2-a-17-g06abaee
     0 | D:1      | 0 ||| qw: Game counter: 2164
     0 | D:1      | 0 ||| qw: Always use a shield: true
     0 | D:1      | 0 ||| qw: God list: Okawaru
     0 | D:1      | 0 ||| qw: Allow faded altars: false
     0 | D:1      | 0 ||| qw: Do Orc after D:15 true
     0 | D:1      | 0 ||| qw: Do second Lair branch before Depths: true
     0 | D:1      | 0 ||| qw: Lair rune preference: random
     0 | D:1      | 0 ||| qw: Plans: Normal, Zot:1-4, God:TSO, Crypt, Tomb,
                  | Pan, Slime:5, Hells, Abyss, Orb
     0 | D:1      | 0 ||| PLANNING D:1-11
    88 | D:1      | 88 ||| Stepping ~*~*~tactically~*~*~ (stealth).
    96 | D:1      | Reached XP level 2. HP: 14/19 MP: 2/2
   206 | D:1      | 206 ||| Stepping ~*~*~tactically~*~*~ (stealth).
   260 | D:1      | Reached skill level 3 in Axes
   321 | D:1      | Reached XP level 3. HP: 23/23 MP: 3/3
   385 | D:1      | Found a faded altar of an unknown god.
   611 | D:1      | 611 ||| READING scroll labelled IGEKOA XEICOIVAC.
   612 | D:1      | 612 ||| READING scroll labelled ROQAFA WECLU.
   616 | D:1      | 616 ||| DRINKING 2 fuming clear potions.
   674 | D:2      | You fall into a shaft and drop 2 floors!
   753 | D:4      | Reached XP level 4. HP: 28/28 MP: 4/4
   772 | D:4      | Found a staircase to the Ecumenical Temple.
   773 | D:4      | 773 ||| PLANNING TEMPLE
   786 | Temple   | Entered the Ecumenical Temple
   838 | Temple   | 838 ||| PLANNING OKAWARU WORSHIP
   946 | Temple   | Became a worshipper of Warmaster Okawaru
   947 | Temple   | 947 ||| PLANNING D:1-11
  1151 | D:3      | 1151 ||| UPGRADING to ring of willpower.
  1166 | D:2      | Reached XP level 5. HP: 32/32 MP: 5/5
  1356 | D:2      | 1356 ||| Stepping ~*~*~tactically~*~*~ (hiding).
  1374 | D:2      | 1374 ||| Stepping ~*~*~tactically~*~*~ (stealth).
  1376 | D:2      | 1376 ||| Stepping ~*~*~tactically~*~*~ (hiding).
  1554 | D:2      | 1554 ||| READING scroll labelled IKKU IXTEKOMY.
  1586 | D:2      | 1586 ||| Stepping randomly (stuck).
  1587 | D:2      | 1587 ||| Stepping randomly (stuck).
  1588 | D:2      | 1588 ||| Stepping randomly (stuck).
  1589 | D:2      | 1589 ||| Stepping randomly (stuck).
  1590 | D:2      | 1590 ||| Stepping randomly (stuck).
  1591 | D:2      | 1591 ||| Stepping randomly (stuck).
  1592 | D:2      | 1592 ||| Stepping randomly (stuck).
  1593 | D:2      | 1593 ||| Stepping randomly (stuck).
  1594 | D:2      | 1594 ||| Stepping randomly (stuck).
  1595 | D:2      | 1595 ||| Stepping randomly (stuck).
  1596 | D:2      | 1596 ||| Stepping randomly (stuck).
  1597 | D:2      | 1597 ||| Stepping randomly (stuck).
  1598 | D:2      | 1598 ||| Stepping randomly (stuck).
  1601 | D:2      | 1601 ||| Stepping randomly (stuck).
  1602 | D:2      | 1602 ||| Stepping randomly (stuck).
  1603 | D:2      | 1603 ||| Stepping randomly (stuck).
  1604 | D:2      | 1604 ||| Stepping randomly (stuck).
  1605 | D:2      | 1605 ||| Stepping randomly (stuck).
  1606 | D:2      | 1606 ||| Stepping randomly (stuck).
  1607 | D:2      | 1607 ||| Stepping randomly (stuck).
  1608 | D:2      | 1608 ||| Stepping randomly (stuck).
  1609 | D:2      | 1609 ||| Stepping randomly (stuck).
  1610 | D:2      | 1610 ||| Stepping randomly (stuck).
  1615 | D:2      | 1615 ||| Stepping randomly (stuck).
  1616 | D:2      | 1616 ||| Stepping randomly (stuck).
  1617 | D:2      | 1617 ||| Stepping randomly (stuck).
  1618 | D:2      | 1618 ||| Stepping randomly (stuck).
  1620 | D:2      | 1620 ||| Stepping randomly (stuck).
  1657 | D:2      | 1657 ||| Stepping randomly (stuck).
  2221 | D:2      | 2221 ||| READING 2 scrolls labelled RIDEMN ZIANNUC.
  2228 | D:2      | 2228 ||| DROPPING scroll of immolation.
  2230 | D:2      | 2230 ||| Stepping randomly (stuck).
  2232 | D:2      | 2232 ||| Stepping randomly (stuck).
  2234 | D:2      | 2234 ||| Stepping randomly (stuck).
  2235 | D:2      | 2235 ||| Stepping randomly (stuck).
  2266 | D:2      | 2266 ||| Stepping randomly (stuck).
  2267 | D:2      | 2267 ||| Stepping randomly (stuck).
  2384 | D:2      | 2384 ||| READING scroll labelled WOEC EZEONEE.
  2519 | D:3      | 2519 ||| Stepping ~*~*~tactically~*~*~ (hiding).
  2548 | D:3      | 2548 ||| Stepping ~*~*~tactically~*~*~ (hiding).
  2744 | D:3      | Found a hazy altar of Hepliaklqana.
  3004 | D:3      | Reached skill level 4 in Fighting
  3088 | D:3      | 3088 ||| READING 2 scrolls labelled NUOGHE IPLUJEA.
  3089 | D:3      | 3089 ||| READING scroll of enchant weapon.
  3089 | D:3      | 3089 ||| ENCHANTING +1 war axe.
  3090 | D:3      | 3090 ||| DRINKING 2 murky pink potions.
  3194 | D:3      | 3194 ||| DRINKING 2 fuming golden potions.
  3195 | D:3      | 3195 ||| DROPPING potion of berserk rage.
  3196 | D:3      | 3196 ||| DROPPING potion of invisibility.
  3398 | D:4      | Reached skill level 1 in Dodging
  3398 | D:4      | Reached XP level 6. HP: 37/38 MP: 6/6
  3558 | D:4      | 3558 ||| READING scroll labelled COLLYOTEEPPO.
  3559 | D:4      | 3559 ||| READING scroll labelled REUNYTZ ESTUACKOSK.
  3560 | D:4      | 3560 ||| DRINKING 2 metallic amethyst potions.
  3560 | D:4      | Gained mutation: Armour fits poorly on your strangely
                  | shaped body. [potion of mutation]
  3560 | D:4      | Gained mutation: Your large and strong wings let you fly.
                  | [potion of mutation]
  3561 | D:4      | 3561 ||| DRINKING potion of mutation.
  3561 | D:4      | Lost mutation: Your large and strong wings let you fly.
                  | [potion of mutation]
  3561 | D:4      | Lost mutation: Armour fits poorly on your strangely shaped
                  | body. [potion of mutation]
  3561 | D:4      | Gained mutation: You are covered in fur. (AC +1) [potion of
                  | mutation]
  3561 | D:4      | Lost mutation: You are covered in fur. (AC +1) [potion of
                  | mutation]
  3561 | D:4      | Gained mutation: You are agile. (Dex +4, Str/Int -1)
                  | [potion of mutation]
  3561 | D:4      | Gained mutation: You are partially covered in iridescent
                  | scales. (AC +2) [potion of mutation]
  3581 | D:5      | Entered Level 5 of the Dungeon
  3595 | D:5      | Reached * piety under Okawaru
  3665 | D:5      | Found a transporter.
  3731 | D:5      | Found a transporter.
  3732 | D:5      | Found a one-way gate to the infinite horrors of the Abyss.
  3732 | D:5      | Noticed qw's ghost (novice GrFi)
  3743 | D:5      | 3743 ||| DROPPING +0 whip.
  3762 | D:5      | Found a broken altar of Ashenzari.
  3804 | D:5      | Noticed Duvessa
  3804 | D:5      | Noticed Dowan
  3805 | D:5      | 3805 ||| FLEEEEING.
  3806 | D:5      | 3806 ||| FLEEEEING.
  3810 | D:5      | 3810 ||| FLEEEEING.
  3815 | D:5      | 3815 ||| FLEEEEING.
  3816 | D:5      | 3816 ||| FLEEEEING.
  3817 | D:5      | 3817 ||| FLEEEEING.
  3818 | D:5      | 3818 ||| FLEEEEING.
  3823 | D:5      | 3823 ||| FLEEEEING.
  3824 | D:5      | 3824 ||| FLEEEEING.
  3825 | D:5      | 3825 ||| FLEEEEING.
  3826 | D:5      | 3826 ||| FLEEEEING.
  3827 | D:5      | 3827 ||| FLEEEEING.
  3828 | D:5      | 3828 ||| FLEEEEING.
  3829 | D:5      | 3829 ||| FLEEEEING.
  3830 | D:5      | 3830 ||| FLEEEEING.
  3831 | D:5      | 3831 ||| FLEEEEING.
  3832 | D:5      | 3832 ||| FLEEEEING.
  3833 | D:5      | 3833 ||| FLEEEEING.
  3840 | D:5      | 3840 ||| INVOKING Heroism.
  3850 | D:5      | Killed Duvessa
  3851 | D:5      | Reached skill level 6 in Axes
  3851 | D:5      | Reached XP level 7. HP: 39/43 MP: 5/8
  3851 | D:5      | 3851 ||| INVOKING Heroism.
  3860 | D:5      | Killed Dowan
  3939 | D:5      | 3939 ||| DROPPING +0 flail.
  3956 | D:5      | 3956 ||| Stepping ~*~*~tactically~*~*~ (stealth).
  4133 | D:5      | Noticed a small abomination
  4162 | D:5      | 4162 ||| UPGRADING to scarf of resistance.
  4167 | D:5      | 4167 ||| DRINKING 2 white potions.
  4186 | D:6      | 4186 ||| INVOKING Heroism.
  4191 | D:6      | 4191 ||| STAIRDANCE
  4195 | D:5      | Reached skill level 3 in Invocations
  4290 | D:6      | 4290 ||| INVOKING Heroism.
  4292 | D:6      | 4292 ||| STAIRDANCE
  4309 | D:6      | 4309 ||| INVOKING Heroism.
  4310 | D:6      | 4310 ||| STAIRDANCE
  4329 | D:6      | 4329 ||| INVOKING Heroism.
  4330 | D:6      | 4330 ||| STAIRDANCE
  4423 | D:6      | 4423 ||| STAIRDANCE
  4460 | D:6      | 4460 ||| STAIRDANCE
  4486 | D:6      | 4486 ||| INVOKING Heroism.
  4489 | D:6      | Reached ** piety under Okawaru
  4490 | D:6      | Reached XP level 8. HP: 47/48 MP: 7/11
  4511 | D:6      | 4511 ||| Stepping ~*~*~tactically~*~*~ (stealth).
  4512 | D:6      | 4512 ||| Stepping ~*~*~tactically~*~*~ (stealth).
  4513 | D:6      | 4513 ||| Stepping ~*~*~tactically~*~*~ (stealth).
  4516 | D:6      | 4516 ||| Stepping ~*~*~tactically~*~*~ (stealth).
  4517 | D:6      | 4517 ||| Stepping ~*~*~tactically~*~*~ (stealth).
  4637 | D:6      | Found a transporter.
  4797 | D:6      | Found a basalt altar of Yredelemnul.
  4831 | D:6      | Found a transporter.
  4856 | D:6      | 4856 ||| Stepping ~*~*~tactically~*~*~ (stealth).
  4880 | D:6      | 4880 ||| Stepping ~*~*~tactically~*~*~ (stealth).
  4881 | D:6      | 4881 ||| Stepping ~*~*~tactically~*~*~ (stealth).
  4885 | D:6      | Reached skill level 5 in Fighting
  4960 | D:6      | 4960 ||| INVOKING Heroism.
  5021 | D:6      | 5021 ||| INVOKING Heroism.
  5090 | D:6      | 5090 ||| Stepping ~*~*~tactically~*~*~ (stealth).
  5093 | D:6      | 5093 ||| INVOKING Heroism.
  5094 | D:6      | 5094 ||| Stepping ~*~*~tactically~*~*~ (hiding).
  5098 | D:6      | 5098 ||| Stepping ~*~*~tactically~*~*~ (hiding).
  5109 | D:6      | Reached skill level 6 in Fighting
  5116 | D:6      | 5116 ||| Stepping ~*~*~tactically~*~*~ (stealth).
  5203 | D:6      | 5203 ||| Stepping ~*~*~tactically~*~*~ (hiding).
  5326 | D:6      | Found Ciuvaosh's Magic Scroll Boutique.
  5332 | D:6      | 5332 ||| BUYING scroll of identify (20 gold).
  5332 | D:6      | Bought a scroll of identify for 20 gold pieces
  5332 | D:6      | 5332 ||| BUYING scroll of teleportation (30 gold).
  5332 | D:6      | Bought a scroll of teleportation for 30 gold pieces
  5738 | D:6      | 5738 ||| READING scroll labelled FEHEKA TUCUO.
  5739 | D:6      | 5739 ||| READING scroll labelled WEHARI FEPP.
  5740 | D:6      | 5740 ||| DRINKING 2 coppery potions.
  5741 | D:6      | 5741 ||| DRINKING 2 fizzy pink potions.
  5742 | D:6      | 5742 ||| READING 4 scrolls of identify.
  5742 | D:6      | 5742 ||| IDENTIFYING bubbling pink potion
  5743 | D:6      | 5743 ||| READING 3 scrolls of identify.
  5743 | D:6      | 5743 ||| IDENTIFYING fizzy blue potion
  5744 | D:6      | 5744 ||| READING 2 scrolls of identify.
  5744 | D:6      | 5744 ||| IDENTIFYING black potion
  5745 | D:6      | 5745 ||| DROPPING potion of degeneration.
  5746 | D:6      | 5746 ||| DROPPING potion of brilliance.
  5751 | D:7      | 5751 ||| STAIRDANCE
  5806 | D:7      | 5806 ||| STAIRDANCE
  5859 | D:7      | Reached XP level 9. HP: 48/55 MP: 12/12
  5867 | D:7      | 5867 ||| Stepping ~*~*~tactically~*~*~ (stealth).
  5875 | D:7      | 5875 ||| Stepping ~*~*~tactically~*~*~ (stealth).
  5880 | D:7      | Reached *** piety under Okawaru
  5903 | D:7      | 5903 ||| READING scroll of enchant weapon.
  5903 | D:7      | 5903 ||| ENCHANTING +2 war axe.
  5909 | D:7      | 5909 ||| READING scroll of enchant weapon.
  5909 | D:7      | 5909 ||| ENCHANTING +3 war axe.
  5993 | D:7      | 5993 ||| Stepping ~*~*~tactically~*~*~ (hiding).
  6062 | D:7      | 6062 ||| INVOKING Heroism.
  6114 | D:7      | Identified the amulet "Qawnamu" {Regen+ MP+9}
  6282 | D:7      | 6282 ||| UPGRADING to +0 chain mail.
  6292 | D:7      | 6292 ||| DROPPING +0 scale mail.
  6293 | D:7      | 6293 ||| DROPPING +2 leather armour of fire resistance.
  6294 | D:7      | 6294 ||| UPGRADING to amulet "Qawnamu" {Regen+ MP+9}.
  6352 | D:7      | 6352 ||| DROPPING amulet of faith.
  6353 | D:7      | 6353 ||| READING scroll labelled FEIL MORO DAKO.
  6448 | D:8      | Noticed a gargoyle
  6449 | D:8      | 6449 ||| Stepping ~*~*~tactically~*~*~ (hiding).
  6456 | D:8      | 6456 ||| INVOKING Heroism.
  6459 | D:8      | HP: 6/55 [gargoyle/stone arrow (34)]
  6460 | D:8      | 6460 ||| READING 4 scrolls of teleportation.
  6461 | D:8      | 6461 ||| DRINKING potion of heal wounds.
  6516 | D:8      | Reached skill level 9 in Axes
  6519 | D:8      | Found a runed translucent door.
  6521 | D:8      | Noticed Grum
  6522 | D:8      | 6522 ||| INVOKING Heroism.
  6523 | D:8      | 6523 ||| Stepping ~*~*~tactically~*~*~ (hiding).
  6537 | D:8      | Killed Grum
  6543 | D:8      | Noticed qw's ghost (novice GrFi)
  6544 | D:8      | Identified the +8 spear of Change {vorpal, Str+3}
  6634 | D:8      | Killed a gargoyle
  6635 | D:8      | Reached skill level 7 in Fighting
  6639 | D:8      | Found a shadowy altar of Dithmenos.
  7142 | D:8      | 7142 ||| INVOKING Heroism.
  7379 | D:8      | 7379 ||| UPGRADING to +0 helmet.
  7384 | D:8      | 7384 ||| DROPPING ring of magical power.
  7385 | D:8      | 7385 ||| READING scroll labelled EMAZAOSTROZXE.
  7405 | D:9      | 7405 ||| Stepping ~*~*~tactically~*~*~ (hiding).
  7408 | D:9      | 7408 ||| Stepping ~*~*~tactically~*~*~ (hiding).
  7412 | D:9      | Reached **** piety under Okawaru
  7418 | D:9      | Found a transporter.
  7422 | D:9      | 7422 ||| INVOKING Heroism.
  7426 | D:9      | Found a transporter.
  7467 | D:9      | 7467 ||| INVOKING Heroism.
  7473 | D:9      | Reached XP level 10. HP: 61/63 MP: 13/13
  7526 | D:9      | 7526 ||| Stepping ~*~*~tactically~*~*~ (hiding).
  7527 | D:9      | 7527 ||| Stepping ~*~*~tactically~*~*~ (hiding).
  7662 | D:9      | Found a transporter.
  7667 | D:9      | Found a transporter.
  7730 | D:9      | Found a transporter.
  7734 | D:9      | Found a transporter.
  7908 | D:9      | Found a burning altar of Makhleb.
  7941 | D:9      | 7941 ||| Stepping ~*~*~tactically~*~*~ (hiding).
  8065 | D:9      | 8065 ||| INVOKING Heroism.
  8386 | D:9      | 8386 ||| UPGRADING to +2 pair of boots.
  8391 | D:9      | 8391 ||| DROPPING amulet of the acrobat.
  8392 | D:9      | 8392 ||| READING 2 scrolls labelled ILANGU RIWIO.
  8393 | D:9      | 8393 ||| DROPPING +0 morningstar.
  8394 | D:9      | 8394 ||| READING scroll of brand weapon.
  8394 | D:9      | 8394 ||| BRANDING +4 war axe of flaming.
  8438 | D:9      | 8438 ||| READING 3 scrolls of identify.
  8438 | D:9      | 8438 ||| IDENTIFYING lumpy sapphire potion
  8446 | D:10     | Entered Level 10 of the Dungeon
  8474 | D:10     | 8474 ||| Stepping ~*~*~tactically~*~*~ (stealth).
  8476 | D:10     | 8476 ||| Stepping ~*~*~tactically~*~*~ (stealth).
  8477 | D:10     | 8477 ||| Stepping ~*~*~tactically~*~*~ (stealth).
  8479 | D:10     | 8479 ||| Stepping ~*~*~tactically~*~*~ (stealth).
  8480 | D:10     | 8480 ||| Stepping ~*~*~tactically~*~*~ (stealth).
  8481 | D:10     | 8481 ||| Stepping ~*~*~tactically~*~*~ (stealth).
  8482 | D:10     | 8482 ||| DROPPING +0 club.
  8485 | D:10     | 8485 ||| Stepping ~*~*~tactically~*~*~ (stealth).
  8579 | D:10     | 8579 ||| INVOKING Heroism.
  8594 | D:10     | 8594 ||| DROPPING +0 mace.
  8648 | D:10     | 8648 ||| INVOKING Heroism.
  8652 | D:10     | 8652 ||| Stepping ~*~*~tactically~*~*~ (stealth).
  8658 | D:10     | Reached skill level 6 in Invocations
  8660 | D:10     | Reached skill level 8 in Fighting
  8660 | D:10     | Received a gift from Okawaru
  8707 | D:10     | Found an opulent altar of Gozag.
  8778 | D:10     | Found a glowing silver altar of Zin.
  8978 | D:10     | Noticed Maggie
  8979 | D:10     | 8979 ||| Stepping ~*~*~tactically~*~*~ (hiding).
  8991 | D:10     | Killed Maggie
  8992 | D:10     | Reached skill level 1 in Throwing
  9204 | D:10     | 9204 ||| DROPPING ring of wizardry.
  9205 | D:10     | 9205 ||| UPGRADING to +4 ring of slaying {mikee}.
  9206 | D:10     | 9206 ||| READING 3 scrolls of identify.
  9206 | D:10     | 9206 ||| IDENTIFYING grey potion
  9207 | D:10     | 9207 ||| READING 2 scrolls of identify.
  9207 | D:10     | 9207 ||| IDENTIFYING lumpy blue potion
  9208 | D:10     | 9208 ||| DROPPING potion of flight.
  9225 | D:11     | 9225 ||| INVOKING Heroism.
  9225 | D:11     | Noticed a two-headed ogre
  9226 | D:11     | Noticed a cyclops
  9227 | D:11     | Noticed Fannar
  9228 | D:11     | 9228 ||| Stepping ~*~*~tactically~*~*~ (stealth).
  9230 | D:11     | Noticed a gargoyle
  9231 | D:11     | 9231 ||| Stepping ~*~*~tactically~*~*~ (hiding).
  9232 | D:11     | 9232 ||| Stepping ~*~*~tactically~*~*~ (hiding).
  9236 | D:11     | 9236 ||| Stepping ~*~*~tactically~*~*~ (hiding).
  9237 | D:11     | 9237 ||| Stepping ~*~*~tactically~*~*~ (hiding).
  9243 | D:11     | Killed a two-headed ogre
  9243 | D:11     | Reached ***** piety under Okawaru
  9244 | D:11     | Reached skill level 6 in Armour
  9245 | D:11     | Killed a cyclops
  9246 | D:11     | Reached XP level 11. HP: 57/68 MP: 17/17
  9270 | D:11     | Killed Fannar
  9284 | D:11     | 9284 ||| Stepping ~*~*~tactically~*~*~ (stealth).
  9293 | D:11     | Reached skill level 9 in Invocations
  9339 | D:11     | Found Sesoen's Antique Armour Shop.
  9344 | D:11     | 9344 ||| SHOPLISTING +0 pair of fencer's gloves {Riposte
                  | Dex+3} (960 gold, have 671).
  9344 | D:11     | 9344 ||| BUYING glowing scale mail (168 gold).
  9344 | D:11     | Bought a glowing scale mail for 168 gold pieces
  9378 | D:11     | Noticed a catoblepas
  9378 | D:11     | Noticed a two-headed ogre
  9378 | D:11     | Noticed a green ugly thing
  9379 | D:11     | 9379 ||| INVOKING Heroism.
  9380 | D:11     | 9380 ||| INVOKING Finesse.
  9385 | D:11     | Killed a two-headed ogre
  9385 | D:11     | Received a gift from Okawaru
  9394 | D:11     | Killed a catoblepas
  9394 | D:11     | Killed a green ugly thing
  9457 | D:11     | 9457 ||| Stepping ~*~*~tactically~*~*~ (stealth).
  9468 | D:11     | 9468 ||| INVOKING Heroism.
  9528 | D:11     | Noticed Urug
  9529 | D:11     | 9529 ||| INVOKING Heroism.
  9530 | D:11     | 9530 ||| INVOKING Finesse.
  9541 | D:11     | Killed Urug
  9542 | D:11     | Reached skill level 9 in Fighting
  9610 | D:11     | Noticed Snorg
  9611 | D:11     | 9611 ||| INVOKING Heroism.
  9612 | D:11     | 9612 ||| INVOKING Finesse.
  9622 | D:11     | Killed Snorg
  9623 | D:11     | Reached skill level 3 in Throwing
  9726 | D:11     | 9726 ||| INVOKING Heroism.
  9732 | D:11     | Received a gift from Okawaru
  9770 | D:11     | Noticed Harold
  9780 | D:11     | Killed Harold
  9988 | D:11     | Found a staircase to the Lair.
 10061 | D:11     | 10061 ||| INVOKING Heroism.
 10069 | D:11     | Reached XP level 12. HP: 71/76 MP: 19/19
 10187 | D:11     | 10187 ||| PLANNING LAIR
 10187 | D:11     | 10187 ||| UPGRADING to +3 scale mail of cold resistance.
 10197 | D:11     | 10197 ||| UPGRADING to +0 pair of gloves.
 10202 | D:11     | 10202 ||| READING 2 scrolls of identify.
 10202 | D:11     | 10202 ||| IDENTIFYING green potion
 10239 | Lair:1   | Entered Level 1 of the Lair of Beasts
 10285 | Lair:1   | 10285 ||| INVOKING Heroism.
 10292 | Lair:1   | Reached skill level 3 in Dodging
 10488 | Lair:1   | 10488 ||| Stepping ~*~*~tactically~*~*~ (stealth).
 10491 | Lair:1   | 10491 ||| Stepping ~*~*~tactically~*~*~ (stealth).
 10493 | Lair:1   | 10493 ||| INVOKING Heroism.
 10497 | Lair:1   | Reached skill level 12 in Axes
 10503 | Lair:1   | Identified the +0 robe of Insurance {Dex+2} (Okawaru gifted
                  | it to you on level 1 of the Lair of Beasts)
 10503 | Lair:1   | Received a gift from Okawaru
 10520 | Lair:1   | 10520 ||| Stepping ~*~*~tactically~*~*~ (stealth).
 10521 | Lair:1   | 10521 ||| Stepping ~*~*~tactically~*~*~ (stealth).
 10533 | Lair:1   | Reached skill level 6 in Shields
 10537 | Lair:1   | Found a glowing silver altar of Zin.
 10556 | Lair:1   | 10556 ||| Stepping ~*~*~tactically~*~*~ (stealth).
 10558 | Lair:1   | 10558 ||| INVOKING Heroism.
 10913 | Lair:1   | 10913 ||| Stepping ~*~*~tactically~*~*~ (stealth).
 11049 | Lair:1   | 11049 ||| UPGRADING to +2 buckler.
 11059 | Lair:1   | 11059 ||| DROPPING +0 buckler.
 11060 | Lair:1   | 11060 ||| UPGRADING to amulet of reflection.
 11070 | Lair:1   | 11070 ||| DROPPING amulet "Qawnamu" {Regen+ MP+9}.
 11091 | Lair:2   | Noticed Gastronok
 11092 | Lair:2   | 11092 ||| INVOKING Heroism.
 11104 | Lair:2   | Killed Gastronok
 11105 | Lair:2   | Reached skill level 10 in Fighting
 11121 | Lair:2   | 11121 ||| Stepping ~*~*~tactically~*~*~ (stealth).
 11125 | Lair:2   | 11125 ||| Stepping ~*~*~tactically~*~*~ (stealth).
 11145 | Lair:2   | Found a staircase to the Shoals.
 11213 | Lair:2   | 11213 ||| Stepping ~*~*~tactically~*~*~ (stealth).
 11337 | Lair:2   | 11337 ||| INVOKING Heroism.
 11435 | Lair:2   | 11435 ||| INVOKING Heroism.
 11450 | Lair:2   | Received a gift from Okawaru
 11475 | Lair:2   | 11475 ||| SWAPPING to +2 broad axe of draining.
 11476 | Lair:2   | 11476 ||| DROPPING +4 vorpal war axe.
 11595 | Lair:2   | 11595 ||| Stepping ~*~*~tactically~*~*~ (stealth).
 11597 | Lair:2   | 11597 ||| Stepping ~*~*~tactically~*~*~ (stealth).
 11599 | Lair:2   | 11599 ||| INVOKING Heroism.
 11607 | Lair:2   | Noticed a boulder beetle
 11608 | Lair:2   | 11608 ||| INVOKING Finesse.
 11628 | Lair:2   | Killed a boulder beetle
 11629 | Lair:2   | Reached XP level 13. HP: 73/83 MP: 14/20
 11732 | Lair:2   | 11732 ||| INVOKING Heroism.
 11733 | Lair:2   | 11733 ||| INVOKING Finesse.
 11735 | Lair:2   | 11735 ||| SWAPPING to +0 morningstar.
 11741 | Lair:2   | 11741 ||| SWAPPING to +2 broad axe of draining.
 11840 | Lair:2   | 11840 ||| INVOKING Heroism.
 11948 | Lair:2   | 11948 ||| INVOKING Heroism.
 12130 | Lair:3   | 12130 ||| Stepping ~*~*~tactically~*~*~ (stealth).
 12156 | Lair:3   | 12156 ||| FLEEEEING.
 12157 | Lair:3   | 12157 ||| STAIRDANCE
 12457 | Lair:3   | 12457 ||| INVOKING Heroism.
 12462 | Lair:3   | 12462 ||| INVOKING Finesse.
 12470 | Lair:3   | 12470 ||| SWAPPING to +0 morningstar.
 12472 | Lair:3   | 12472 ||| Stepping ~*~*~tactically~*~*~ (stealth).
 12474 | Lair:3   | Received a gift from Okawaru
 12475 | Lair:3   | 12475 ||| SWAPPING to +2 broad axe of draining.
 12478 | Lair:3   | 12478 ||| Stepping ~*~*~tactically~*~*~ (stealth).
 12484 | Lair:3   | 12484 ||| SWAPPING to +0 morningstar.
 12489 | Lair:3   | 12489 ||| Stepping ~*~*~tactically~*~*~ (outnumbered).
 12490 | Lair:3   | 12490 ||| Stepping ~*~*~tactically~*~*~ (outnumbered).
 12491 | Lair:3   | 12491 ||| Stepping ~*~*~tactically~*~*~ (outnumbered).
 12496 | Lair:3   | 12496 ||| Stepping ~*~*~tactically~*~*~ (outnumbered).
 12500 | Lair:3   | Reached skill level 11 in Fighting
 12500 | Lair:3   | 12500 ||| SWAPPING to +2 broad axe of draining.
 12506 | Lair:3   | 12506 ||| FLEEEEING.
 12513 | Lair:3   | 12513 ||| FLEEEEING.
 12514 | Lair:3   | 12514 ||| INVOKING Heroism.
 12522 | Lair:3   | 12522 ||| STAIRDANCE
 12700 | Lair:3   | 12700 ||| INVOKING Heroism.
 12701 | Lair:3   | 12701 ||| INVOKING Finesse.
 12900 | Lair:3   | Reached ****** piety under Okawaru
 13254 | Lair:3   | Received a gift from Okawaru
 13482 | Lair:3   | Found a hole to the Spider Nest.
 13589 | Lair:4   | 13589 ||| INVOKING Heroism.
 13728 | Lair:4   | 13728 ||| INVOKING Heroism.
 13729 | Lair:4   | 13729 ||| Stepping ~*~*~tactically~*~*~ (stealth).
 13730 | Lair:4   | 13730 ||| INVOKING Finesse.
 13731 | Lair:4   | 13731 ||| INVOKING Finesse.
 13732 | Lair:4   | 13732 ||| Stepping ~*~*~tactically~*~*~ (stealth).
 13745 | Lair:4   | Identified the +8 broad axe "Utecem" {venom, Fly rElec
                  | rCorr} (Okawaru gifted it to you on level 4 of the Lair of
                  | Beasts)
 13745 | Lair:4   | Received a gift from Okawaru
 13762 | Lair:4   | Reached skill level 6 in Throwing
 13847 | Lair:4   | 13847 ||| SWAPPING to +8 broad axe "Utecem" {venom, Fly
                  | rElec rCorr}.
 13848 | Lair:4   | 13848 ||| DROPPING +2 broad axe of draining.
 13927 | Lair:4   | Found a staircase to the Slime Pits.
 13955 | Lair:4   | Found a runed translucent door.
 13955 | Lair:4   | Noticed Raneoc's ghost (journeyman MiFi)
 13975 | Lair:4   | 13975 ||| INVOKING Heroism.
 14055 | Lair:4   | 14055 ||| Stepping ~*~*~tactically~*~*~ (stealth).
 14057 | Lair:4   | 14057 ||| Stepping ~*~*~tactically~*~*~ (stealth).
 14062 | Lair:4   | 14062 ||| Stepping ~*~*~tactically~*~*~ (stealth).
 14066 | Lair:4   | 14066 ||| Stepping ~*~*~tactically~*~*~ (stealth).
 14081 | Lair:4   | 14081 ||| INVOKING Heroism.
 14082 | Lair:4   | 14082 ||| SWAPPING to +0 morningstar.
 14083 | Lair:4   | 14083 ||| INVOKING Finesse.
 14090 | Lair:4   | 14090 ||| SWAPPING to +8 broad axe "Utecem" {venom, Fly
                  | rElec rCorr}.
 14160 | Lair:4   | 14160 ||| INVOKING Heroism.
 14194 | Lair:4   | 14194 ||| INVOKING Heroism.
 14508 | Lair:5   | Entered Level 5 of the Lair of Beasts
 14519 | Lair:5   | 14519 ||| INVOKING Heroism.
 14554 | Lair:5   | Gained mutation: Your large and strong wings let you fly.
                  | [Gargoyle growth]
 14554 | Lair:5   | Reached XP level 14. HP: 90/90 MP: 21/21
 14570 | Lair:5   | Identified the +3 leather armour "Echuis" {Rampage Fly
                  | rCorr Str-5}
 14626 | Lair:5   | 14626 ||| INVOKING Heroism.
 14627 | Lair:5   | 14627 ||| INVOKING Finesse.
 14630 | Lair:5   | Received a gift from Okawaru
 14631 | Lair:5   | Reached skill level 15 in Axes
 14632 | Lair:5   | 14632 ||| SWAPPING to +0 morningstar.
 14633 | Lair:5   | 14633 ||| Stepping ~*~*~tactically~*~*~ (outnumbered).
 14634 | Lair:5   | 14634 ||| Stepping ~*~*~tactically~*~*~ (outnumbered).
 14635 | Lair:5   | 14635 ||| Stepping ~*~*~tactically~*~*~ (outnumbered).
 14641 | Lair:5   | 14641 ||| Stepping ~*~*~tactically~*~*~ (outnumbered).
 14646 | Lair:5   | 14646 ||| Stepping ~*~*~tactically~*~*~ (outnumbered).
 14647 | Lair:5   | 14647 ||| Stepping ~*~*~tactically~*~*~ (outnumbered).
 14648 | Lair:5   | 14648 ||| Stepping ~*~*~tactically~*~*~ (outnumbered).
 14649 | Lair:5   | 14649 ||| Stepping ~*~*~tactically~*~*~ (outnumbered).
 14650 | Lair:5   | 14650 ||| Stepping ~*~*~tactically~*~*~ (outnumbered).
 14651 | Lair:5   | 14651 ||| Stepping ~*~*~tactically~*~*~ (outnumbered).
 14652 | Lair:5   | 14652 ||| Stepping ~*~*~tactically~*~*~ (outnumbered).
 14653 | Lair:5   | 14653 ||| Stepping ~*~*~tactically~*~*~ (outnumbered).
 14654 | Lair:5   | 14654 ||| Stepping ~*~*~tactically~*~*~ (stealth).
 14659 | Lair:5   | 14659 ||| SWAPPING to +8 broad axe "Utecem" {venom, Fly
                  | rElec rCorr}.
 14845 | Lair:5   | Identified the +7 war axe of Valour {venom, Dex+4}
 14858 | Lair:5   | 14858 ||| Stepping ~*~*~tactically~*~*~ (hiding).
 14859 | Lair:5   | 14859 ||| Stepping ~*~*~tactically~*~*~ (hiding).
 14865 | Lair:5   | 14865 ||| INVOKING Heroism.
 14899 | Lair:5   | 14899 ||| FLEEEEING.
 14904 | Lair:5   | 14904 ||| FLEEEEING.
 14905 | Lair:5   | 14905 ||| FLEEEEING.
 14906 | Lair:5   | 14906 ||| FLEEEEING.
 14907 | Lair:5   | 14907 ||| FLEEEEING.
 14909 | Lair:5   | 14909 ||| INVOKING Heroism.
 14918 | Lair:5   | Reached skill level 12 in Fighting
 14996 | Lair:5   | 14996 ||| INVOKING Heroism.
 15013 | Lair:5   | Identified the +9 scale mail of Qadwuteo {rF+ Stlth+}
 15033 | Lair:5   | 15033 ||| Stepping ~*~*~tactically~*~*~ (hiding).
 15232 | Lair:5   | 15232 ||| Stepping ~*~*~tactically~*~*~ (stealth).
 15264 | Lair:5   | 15264 ||| INVOKING Heroism.
 15294 | Lair:5   | 15294 ||| INVOKING Heroism.
 15307 | Lair:5   | Received a gift from Okawaru
 15336 | Lair:5   | 15336 ||| Stepping ~*~*~tactically~*~*~ (stealth).
 15382 | Lair:5   | 15382 ||| Stepping ~*~*~tactically~*~*~ (hiding).
 15383 | Lair:5   | 15383 ||| Stepping ~*~*~tactically~*~*~ (hiding).
 15426 | Lair:5   | 15426 ||| Stepping ~*~*~tactically~*~*~ (stealth).
 15478 | Lair:5   | 15478 ||| Stepping ~*~*~tactically~*~*~ (stealth).
 15482 | Lair:5   | 15482 ||| Stepping ~*~*~tactically~*~*~ (stealth).
 15483 | Abyss:1  | Cast into level 1 of the Abyss (spriggan)
 15484 | Abyss:1  | 15484 ||| DROPPING +0 chain mail.
 15485 | Abyss:1  | 15485 ||| UPGRADING to +9 scale mail of Qadwuteo {rF+
                  | Stlth+}.
 15495 | Abyss:1  | 15495 ||| READING 6 scrolls of identify.
 15495 | Abyss:1  | 15495 ||| IDENTIFYING pink potion
 15496 | Abyss:1  | 15496 ||| DROPPING potion of ambrosia.
 15515 | Abyss:1  | 15515 ||| Stepping ~*~*~tactically~*~*~ (stealth).
 15518 | Abyss:1  | 15518 ||| Stepping ~*~*~tactically~*~*~ (stealth).
 15583 | Abyss:1  | 15583 ||| Stepping ~*~*~tactically~*~*~ (stealth).
 15637 | Abyss:1  | Noticed a starcursed mass
 15638 | Abyss:1  | 15638 ||| Stepping ~*~*~tactically~*~*~ (stealth).
 15641 | Abyss:1  | 15641 ||| Stepping ~*~*~tactically~*~*~ (stealth).
 15654 | Abyss:1  | 15654 ||| INVOKING Heroism.
 15678 | Abyss:1  | 15678 ||| Stepping ~*~*~tactically~*~*~ (stealth).
 15697 | Abyss:1  | 15697 ||| Stepping ~*~*~tactically~*~*~ (stealth).
 15751 | Abyss:1  | 15751 ||| Stepping ~*~*~tactically~*~*~ (stealth).
 15779 | Abyss:1  | Noticed a starcursed mass
 15780 | Abyss:1  | 15780 ||| Stepping ~*~*~tactically~*~*~ (stealth).
 15784 | Abyss:1  | 15784 ||| Stepping ~*~*~tactically~*~*~ (stealth).
 15785 | Abyss:1  | 15785 ||| Stepping ~*~*~tactically~*~*~ (stealth).
 15786 | Abyss:1  | 15786 ||| Stepping ~*~*~tactically~*~*~ (stealth).
 15787 | Abyss:1  | 15787 ||| Stepping ~*~*~tactically~*~*~ (stealth).
 15788 | Abyss:1  | 15788 ||| Stepping ~*~*~tactically~*~*~ (stealth).
 15789 | Abyss:1  | 15789 ||| Stepping ~*~*~tactically~*~*~ (stealth).
 15791 | Abyss:1  | 15791 ||| Stepping ~*~*~tactically~*~*~ (stealth).
 15796 | Abyss:1  | 15796 ||| Stepping ~*~*~tactically~*~*~ (stealth).
 15800 | Abyss:1  | 15800 ||| Stepping ~*~*~tactically~*~*~ (stealth).
 15802 | Abyss:1  | 15802 ||| Stepping ~*~*~tactically~*~*~ (stealth).
 15806 | Abyss:1  | 15806 ||| Stepping ~*~*~tactically~*~*~ (stealth).
 15807 | Abyss:1  | 15807 ||| Stepping ~*~*~tactically~*~*~ (stealth).
 15809 | Abyss:1  | 15809 ||| Stepping ~*~*~tactically~*~*~ (stealth).
 15810 | Abyss:1  | 15810 ||| Stepping ~*~*~tactically~*~*~ (stealth).
 15812 | Abyss:1  | 15812 ||| Stepping ~*~*~tactically~*~*~ (hiding).
 15833 | Abyss:1  | 15833 ||| INVOKING Heroism.
 15867 | Abyss:1  | 15867 ||| INVOKING Heroism.
 15877 | Abyss:1  | 15877 ||| Stepping ~*~*~tactically~*~*~ (stealth).
 15891 | Abyss:1  | 15891 ||| Stepping ~*~*~tactically~*~*~ (stealth).
 15904 | Abyss:1  | 15904 ||| Stepping ~*~*~tactically~*~*~ (stealth).
 15905 | Abyss:1  | 15905 ||| Stepping ~*~*~tactically~*~*~ (stealth).
 15908 | Abyss:1  | 15908 ||| Stepping ~*~*~tactically~*~*~ (stealth).
 16102 | Abyss:1  | Noticed a starcursed mass
 16103 | Abyss:1  | 16103 ||| Stepping ~*~*~tactically~*~*~ (stealth).
 16170 | Abyss:1  | 16170 ||| INVOKING Heroism.
 16199 | Abyss:1  | 16199 ||| Stepping ~*~*~tactically~*~*~ (stealth).
 16200 | Abyss:1  | 16200 ||| Stepping ~*~*~tactically~*~*~ (stealth).
 16204 | Abyss:1  | 16204 ||| INVOKING Heroism.
 16249 | Abyss:1  | 16249 ||| INVOKING Heroism.
 16250 | Abyss:1  | Noticed a starcursed mass
 16251 | Abyss:1  | Identified the +2 chain mail "Ymushrer" {Regen+ Str+4}
                  | (Okawaru gifted it to you on level 1 of the Abyss)
 16251 | Abyss:1  | Received a gift from Okawaru
 16253 | Abyss:1  | 16253 ||| Stepping ~*~*~tactically~*~*~ (hiding).
 16279 | Abyss:1  | 16279 ||| Stepping ~*~*~tactically~*~*~ (stealth).
 16297 | Abyss:1  | 16297 ||| Stepping ~*~*~tactically~*~*~ (stealth).
 16311 | Abyss:1  | 16311 ||| Stepping ~*~*~tactically~*~*~ (stealth).
 16324 | Abyss:1  | 16324 ||| Stepping ~*~*~tactically~*~*~ (stealth).
 16327 | Abyss:1  | 16327 ||| Stepping ~*~*~tactically~*~*~ (stealth).
 16328 | Abyss:1  | 16328 ||| INVOKING Heroism.
 16338 | Lair:5   | Escaped the Abyss
 16344 | Lair:5   | 16344 ||| Stepping ~*~*~tactically~*~*~ (hiding).
 16346 | Lair:5   | Reached XP level 15. HP: 53/96 MP: 22/22
 16450 | Lair:5   | 16450 ||| INVOKING Heroism.
 16562 | Lair:5   | 16562 ||| Stepping ~*~*~tactically~*~*~ (stealth).
 16562 | Lair:5   | Found a corrupted altar of Lugonu.
 16563 | Lair:5   | 16563 ||| Stepping ~*~*~tactically~*~*~ (stealth).
 16742 | Lair:5   | 16742 ||| Stepping ~*~*~tactically~*~*~ (stealth).
 16773 | Lair:5   | 16773 ||| INVOKING Heroism.
 16842 | Lair:5   | 16842 ||| PLANNING D
 16842 | Lair:5   | 16842 ||| READING 2 scrolls labelled SAEWOPS VEEREDI.
 16842 | Lair:5   | Identified 2 scrolls of acquirement
 16842 | Lair:5   | 16842 ||| ACQUIRING 774 gold pieces
 16842 | Lair:5   | Acquired 774 gold pieces
 16844 | Lair:5   | 16844 ||| READING scroll of acquirement.
 16844 | Lair:5   | 16844 ||| ACQUIRING +3 pair of seven-league boots
                  | {Rampage+∞}
 16844 | Lair:5   | Acquired the +3 pair of seven-league boots {Rampage+∞}
 16844 | Lair:5   | Found the +3 pair of seven-league boots {Rampage+∞}
 16846 | Lair:5   | 16846 ||| UPGRADING to +3 pair of seven-league boots
                  | {Rampage+∞}.
 16856 | Lair:5   | 16856 ||| DROPPING +2 pair of boots.
 17067 | D:12     | 17067 ||| Stepping ~*~*~tactically~*~*~ (stealth).
 17084 | D:12     | 17084 ||| Stepping ~*~*~tactically~*~*~ (stealth).
 17085 | D:12     | 17085 ||| Stepping ~*~*~tactically~*~*~ (stealth).
 17098 | D:12     | 17098 ||| Stepping ~*~*~tactically~*~*~ (stealth).
 17100 | D:12     | 17100 ||| Stepping ~*~*~tactically~*~*~ (hiding).
 17103 | D:12     | 17103 ||| Stepping ~*~*~tactically~*~*~ (hiding).
 17106 | D:12     | 17106 ||| INVOKING Heroism.
 17134 | D:12     | Found a staircase to the Orcish Mines.
 17151 | D:12     | 17151 ||| Stepping ~*~*~tactically~*~*~ (stealth).
 17152 | D:12     | 17152 ||| Stepping ~*~*~tactically~*~*~ (stealth).
 17154 | D:12     | 17154 ||| Stepping ~*~*~tactically~*~*~ (stealth).
 17156 | D:12     | 17156 ||| Stepping ~*~*~tactically~*~*~ (stealth).
 17330 | D:12     | 17330 ||| Stepping ~*~*~tactically~*~*~ (stealth).
 17361 | D:12     | 17361 ||| Stepping ~*~*~tactically~*~*~ (stealth).
 17369 | D:12     | 17369 ||| INVOKING Heroism.
 17384 | D:12     | Identified the +0 robe "Qulot" {MP-9 Int+6}
 17448 | D:12     | 17448 ||| INVOKING Heroism.
 17478 | D:12     | Reached skill level 13 in Fighting
 17726 | D:13     | 17726 ||| INVOKING Heroism.
 17730 | D:13     | 17730 ||| Stepping ~*~*~tactically~*~*~ (hiding).
 17779 | D:13     | Identified the +1 mace "Abez" {spect, rC+ Str+3 Int+5}
 17780 | D:13     | 17780 ||| Stepping ~*~*~tactically~*~*~ (stealth).
 17804 | D:13     | 17804 ||| FLEEEEING.
 17805 | D:13     | 17805 ||| FLEEEEING.
 17806 | D:13     | 17806 ||| FLEEEEING.
 17807 | D:13     | 17807 ||| FLEEEEING.
 17808 | D:13     | 17808 ||| FLEEEEING.
 17809 | D:13     | 17809 ||| FLEEEEING.
 17810 | D:13     | 17810 ||| STAIRDANCE
 17956 | D:13     | 17956 ||| Stepping ~*~*~tactically~*~*~ (hiding).
 17962 | D:13     | 17962 ||| INVOKING Heroism.
 17985 | D:13     | 17985 ||| Stepping ~*~*~tactically~*~*~ (stealth).
 17991 | D:13     | Reached skill level 9 in Armour
 17993 | D:13     | Identified the +3 scimitar of Hagacuv {vorpal, Int+3}
                  | (Okawaru gifted it to you on level 13 of the Dungeon)
 17993 | D:13     | Received a gift from Okawaru
 18031 | D:13     | 18031 ||| FLEEEEING.
 18034 | D:13     | 18034 ||| FLEEEEING.
 18035 | D:13     | 18035 ||| FLEEEEING.
 18037 | D:13     | 18037 ||| STAIRDANCE
 18198 | D:13     | 18198 ||| STAIRDANCE
 18314 | D:13     | 18314 ||| Stepping ~*~*~tactically~*~*~ (stealth).
 18345 | D:13     | 18345 ||| Stepping ~*~*~tactically~*~*~ (stealth).
 18359 | D:13     | 18359 ||| Stepping ~*~*~tactically~*~*~ (stealth).
 18361 | D:13     | 18361 ||| Stepping ~*~*~tactically~*~*~ (stealth).
 18386 | D:13     | 18386 ||| Stepping ~*~*~tactically~*~*~ (hiding).
 18442 | D:13     | 18442 ||| Stepping ~*~*~tactically~*~*~ (stealth).
 18488 | D:13     | 18488 ||| INVOKING Heroism.
 18489 | D:13     | 18489 ||| SWAPPING to +0 morningstar.
 18490 | D:13     | 18490 ||| INVOKING Finesse.
 18492 | D:13     | 18492 ||| Stepping ~*~*~tactically~*~*~ (outnumbered).
 18500 | D:13     | 18500 ||| SWAPPING to +8 broad axe "Utecem" {venom, Fly
                  | rElec rCorr}.
 18578 | D:13     | Received a gift from Okawaru
 18613 | D:13     | 18613 ||| Stepping ~*~*~tactically~*~*~ (hiding).
 18627 | D:13     | 18627 ||| Stepping ~*~*~tactically~*~*~ (hiding).
 18640 | D:13     | Identified the +6 ring mail of the Cooper {Str+2} (Okawaru
                  | gifted it to you on level 13 of the Dungeon)
 18640 | D:13     | Received a gift from Okawaru
 18645 | D:13     | Reached skill level 18 in Axes
 18658 | D:13     | 18658 ||| Stepping ~*~*~tactically~*~*~ (stealth).
 18661 | D:13     | 18661 ||| INVOKING Heroism.
 18703 | D:13     | 18703 ||| Stepping ~*~*~tactically~*~*~ (stealth).
 18718 | D:13     | 18718 ||| Stepping ~*~*~tactically~*~*~ (hiding).
 18739 | D:13     | 18739 ||| Stepping ~*~*~tactically~*~*~ (stealth).
 18787 | D:13     | Reached skill level 9 in Shields
 18821 | D:13     | 18821 ||| Stepping ~*~*~tactically~*~*~ (hiding).
 18823 | D:13     | 18823 ||| Stepping ~*~*~tactically~*~*~ (hiding).
 18836 | D:13     | 18836 ||| INVOKING Heroism.
 19022 | D:13     | 19022 ||| Stepping ~*~*~tactically~*~*~ (stealth).
 19024 | D:13     | 19024 ||| Stepping ~*~*~tactically~*~*~ (stealth).
 19028 | D:13     | 19028 ||| Stepping ~*~*~tactically~*~*~ (stealth).
 19030 | D:13     | Reached XP level 16. HP: 104/104 MP: 23/23
 19044 | D:13     | 19044 ||| Stepping ~*~*~tactically~*~*~ (stealth).
 19046 | D:13     | 19046 ||| Stepping ~*~*~tactically~*~*~ (stealth).
 19072 | D:13     | Found a basalt altar of Yredelemnul.
 19073 | D:13     | 19073 ||| Stepping ~*~*~tactically~*~*~ (stealth).
 19075 | D:13     | 19075 ||| Stepping ~*~*~tactically~*~*~ (stealth).
 19087 | D:13     | 19087 ||| INVOKING Heroism.
 19330 | D:13     | 19330 ||| UPGRADING to +0 kite shield of poison resistance.
 19340 | D:13     | 19340 ||| DROPPING +2 buckler.
 19341 | D:13     | 19341 ||| UPGRADING to +4 ring of protection.
 19343 | D:13     | 19343 ||| DROPPING ring of willpower.
 19344 | D:13     | 19344 ||| READING scroll labelled BOYMEE MIQIGOO.
 19412 | D:14     | 19412 ||| DRINKING 6 potions of curing.
 19412 | D:14     | 19412 ||| (to cure confusion)
 19446 | D:14     | 19446 ||| INVOKING Heroism.
 19563 | D:14     | 19563 ||| Stepping ~*~*~tactically~*~*~ (hiding).
 19564 | D:14     | 19564 ||| Stepping ~*~*~tactically~*~*~ (hiding).
 19565 | D:14     | 19565 ||| Stepping ~*~*~tactically~*~*~ (hiding).
 19568 | D:14     | 19568 ||| INVOKING Heroism.
 19572 | D:14     | 19572 ||| SWAPPING to +0 morningstar.
 19573 | D:14     | 19573 ||| INVOKING Finesse.
 19574 | D:14     | 19574 ||| Stepping ~*~*~tactically~*~*~ (outnumbered).
 19575 | D:14     | 19575 ||| Stepping ~*~*~tactically~*~*~ (hiding).
 19576 | D:14     | 19576 ||| SWAPPING to +8 broad axe "Utecem" {venom, Fly
                  | rElec rCorr}.
 19585 | D:14     | 19585 ||| SWAPPING to +0 morningstar.
 19596 | D:14     | 19596 ||| SWAPPING to +8 broad axe "Utecem" {venom, Fly
                  | rElec rCorr}.
 19701 | D:14     | Found a gate to the Vaults.
 19704 | D:14     | 19704 ||| READING scroll of enchant armour.
 19704 | D:14     | 19704 ||| ENCHANTING +0 pair of gloves.
 19857 | D:14     | 19857 ||| Stepping ~*~*~tactically~*~*~ (stealth).
 19859 | D:14     | 19859 ||| INVOKING Heroism.
 20039 | D:15     | Entered Level 15 of the Dungeon
 20042 | D:15     | 20042 ||| STAIRDANCE
 20048 | D:15     | 20048 ||| STAIRDANCE
 20094 | D:15     | Found a glowing golden altar of the Shining One.
 20161 | D:15     | 20161 ||| READING scroll of enchant armour.
 20161 | D:15     | 20161 ||| ENCHANTING +1 pair of gloves.
 20168 | D:15     | 20168 ||| Stepping ~*~*~tactically~*~*~ (hiding).
 20214 | D:15     | 20214 ||| Stepping ~*~*~tactically~*~*~ (hiding).
 20215 | D:15     | 20215 ||| Stepping ~*~*~tactically~*~*~ (hiding).
 20217 | D:15     | 20217 ||| Stepping ~*~*~tactically~*~*~ (hiding).
 20245 | D:15     | 20245 ||| INVOKING Heroism.
 20246 | D:15     | 20246 ||| INVOKING Finesse.
 20249 | D:15     | 20249 ||| SWAPPING to +0 morningstar.
 20250 | D:15     | 20250 ||| SWAPPING to +8 broad axe "Utecem" {venom, Fly
                  | rElec rCorr}.
 20252 | D:15     | 20252 ||| SWAPPING to +0 morningstar.
 20255 | D:15     | 20255 ||| SWAPPING to +8 broad axe "Utecem" {venom, Fly
                  | rElec rCorr}.
 20294 | D:15     | 20294 ||| INVOKING Heroism.
 20386 | D:15     | Found Xabrevas's Assorted Antiques.
 20395 | D:15     | 20395 ||| BUYING 3 scrolls of identify (264 gold).
 20395 | D:15     | Bought 3 scrolls of identify for 264 gold pieces
 20395 | D:15     | 20395 ||| BUYING potion of magic (352 gold).
 20395 | D:15     | Bought a potion of magic for 352 gold pieces
 20437 | D:15     | 20437 ||| INVOKING Heroism.
 20459 | D:15     | Reached skill level 12 in Shields
 20498 | D:15     | Received a gift from Okawaru
 20713 | D:15     | 20713 ||| INVOKING Heroism.
 20714 | D:15     | 20714 ||| SWAPPING to +0 morningstar.
 20715 | D:15     | 20715 ||| INVOKING Finesse.
 20722 | D:15     | 20722 ||| SWAPPING to +8 broad axe "Utecem" {venom, Fly
                  | rElec rCorr}.
 20847 | D:15     | Found a staircase to the Depths.
 20849 | D:15     | 20849 ||| INVOKING Heroism.
 21067 | D:15     | 21067 ||| PLANNING ORC
 21114 | Orc:1    | Entered Level 1 of the Orcish Mines
 21116 | Orc:1    | 21116 ||| INVOKING Heroism.
 21244 | Orc:2    | Entered Level 2 of the Orcish Mines
 21245 | Orc:2    | 21245 ||| STAIRDANCE
 21256 | Orc:1    | Noticed Josephine
 21257 | Orc:1    | 21257 ||| INVOKING Heroism.
 21266 | Orc:1    | Killed Josephine
 21429 | Orc:1    | Found a dark tunnel.
 21512 | Orc:2    | 21512 ||| INVOKING Heroism.
 21529 | Orc:2    | 21529 ||| Stepping ~*~*~tactically~*~*~ (stealth).
 21546 | Orc:2    | 21546 ||| INVOKING Heroism.
 21554 | Orc:2    | HP: 22/105 [orc high priest/divine providence (12)]
 21555 | Orc:2    | 21555 ||| READING 11 scrolls of teleportation.
 21555 | Orc:2    | HP: 10/105 [smoke demon/divine providence[an orc high
                  | priest] (13)]
 21556 | Orc:2    | 21556 ||| DRINKING 4 potions of heal wounds.
 21558 | Orc:2    | 21558 ||| DRINKING 5 potions of curing.
 21558 | Orc:2    | 21558 ||| (to cure confusion)
 21559 | Orc:2    | Found a staircase to the Elven Halls.
 21559 | Orc:2    | Noticed Azrael
 21560 | Orc:2    | 21560 ||| INVOKING Finesse.
 21563 | Orc:2    | Received a gift from Okawaru
 21576 | Orc:2    | Killed Azrael
 21578 | Orc:2    | 21578 ||| FLEEEEING.
 21579 | Orc:2    | 21579 ||| FLEEEEING.
 21580 | Orc:2    | 21580 ||| FLEEEEING.
 21582 | Orc:2    | 21582 ||| FLEEEEING.
 21583 | Orc:2    | 21583 ||| FLEEEEING.
 21586 | Orc:2    | 21586 ||| FLEEEEING.
 21587 | Orc:2    | 21587 ||| FLEEEEING.
 21588 | Orc:2    | 21588 ||| FLEEEEING.
 21589 | Orc:2    | 21589 ||| FLEEEEING.
 21590 | Orc:2    | 21590 ||| FLEEEEING.
 21591 | Orc:2    | 21591 ||| FLEEEEING.
 21592 | Orc:2    | 21592 ||| STAIRDANCE
 21769 | Orc:2    | 21769 ||| INVOKING Heroism.
 21797 | Orc:2    | 21797 ||| Stepping ~*~*~tactically~*~*~ (hiding).
 21798 | Orc:2    | 21798 ||| Stepping ~*~*~tactically~*~*~ (stealth).
 21801 | Orc:2    | 21801 ||| Stepping ~*~*~tactically~*~*~ (hiding).
 21846 | Orc:2    | 21846 ||| FLEEEEING.
 21847 | Orc:2    | 21847 ||| FLEEEEING.
 21970 | Orc:2    | 21970 ||| Stepping ~*~*~tactically~*~*~ (hiding).
 21971 | Orc:2    | 21971 ||| Stepping ~*~*~tactically~*~*~ (hiding).
 21989 | Orc:2    | 21989 ||| Stepping ~*~*~tactically~*~*~ (stealth).
 21990 | Orc:2    | 21990 ||| Stepping ~*~*~tactically~*~*~ (stealth).
 22063 | Orc:2    | Found Ywuzaopt's Armour Emporium.
 22063 | Orc:2    | Found Suynop's Distillery.
 22069 | Orc:2    | Found Zickum Inu's Weapon Shoppe.
 22071 | Orc:2    | Found Udacrucio's Armour Shoppe.
 22075 | Orc:2    | 22075 ||| BUYING potion of attraction (36 gold).
 22075 | Orc:2    | Bought a potion of attraction for 36 gold pieces
 22075 | Orc:2    | 22075 ||| BUYING potion of curing (36 gold).
 22075 | Orc:2    | Bought a potion of curing for 36 gold pieces
 22075 | Orc:2    | 22075 ||| BUYING potion of lignification (36 gold).
 22075 | Orc:2    | Bought a potion of lignification for 36 gold pieces
 22075 | Orc:2    | 22075 ||| BUYING potion of magic (96 gold).
 22075 | Orc:2    | Bought a potion of magic for 96 gold pieces
 22075 | Orc:2    | 22075 ||| BUYING potion of magic (96 gold).
 22075 | Orc:2    | Bought a potion of magic for 96 gold pieces
 22075 | Orc:2    | 22075 ||| BUYING potion of resistance (120 gold).
 22075 | Orc:2    | Bought a potion of resistance for 120 gold pieces
 22076 | Orc:2    | 22076 ||| Stepping ~*~*~tactically~*~*~ (hiding).
 22080 | Orc:2    | 22080 ||| INVOKING Heroism.
 22109 | Orc:2    | 22109 ||| Stepping ~*~*~tactically~*~*~ (hiding).
 22131 | Orc:2    | 22131 ||| Stepping ~*~*~tactically~*~*~ (stealth).
 22133 | Orc:2    | 22133 ||| Stepping ~*~*~tactically~*~*~ (hiding).
 22145 | Orc:2    | 22145 ||| INVOKING Heroism.
 22152 | Orc:2    | Reached skill level 14 in Fighting
 22221 | Orc:2    | 22221 ||| Stepping ~*~*~tactically~*~*~ (stealth).
 22223 | Orc:2    | 22223 ||| Stepping ~*~*~tactically~*~*~ (hiding).
 22237 | Orc:2    | 22237 ||| Stepping ~*~*~tactically~*~*~ (stealth).
 22242 | Orc:2    | 22242 ||| Stepping ~*~*~tactically~*~*~ (stealth).
 22252 | Orc:2    | 22252 ||| Stepping ~*~*~tactically~*~*~ (hiding).
 22255 | Orc:2    | 22255 ||| INVOKING Heroism.
 22343 | Orc:2    | 22343 ||| FLEEEEING.
 22344 | Orc:2    | 22344 ||| FLEEEEING.
 22345 | Orc:2    | 22345 ||| FLEEEEING.
 22346 | Orc:2    | 22346 ||| FLEEEEING.
 22347 | Orc:2    | 22347 ||| FLEEEEING.
 22348 | Orc:2    | 22348 ||| FLEEEEING.
 22350 | Orc:2    | 22350 ||| FLEEEEING.
 22351 | Orc:2    | 22351 ||| FLEEEEING.
 22352 | Orc:2    | 22352 ||| FLEEEEING.
 22353 | Orc:2    | 22353 ||| FLEEEEING.
 22354 | Orc:2    | 22354 ||| FLEEEEING.
 22355 | Orc:2    | 22355 ||| FLEEEEING.
 22356 | Orc:2    | 22356 ||| FLEEEEING.
 22357 | Orc:2    | 22357 ||| FLEEEEING.
 22358 | Orc:2    | 22358 ||| FLEEEEING.
 22359 | Orc:2    | 22359 ||| FLEEEEING.
 22360 | Orc:2    | 22360 ||| FLEEEEING.
 22361 | Orc:2    | 22361 ||| FLEEEEING.
 22362 | Orc:2    | 22362 ||| FLEEEEING.
 22364 | Orc:2    | 22364 ||| FLEEEEING.
 22365 | Orc:2    | 22365 ||| FLEEEEING.
 22366 | Orc:2    | 22366 ||| FLEEEEING.
 22367 | Orc:2    | 22367 ||| FLEEEEING.
 22637 | Orc:2    | 22637 ||| INVOKING Heroism.
 22697 | Orc:2    | 22697 ||| Stepping ~*~*~tactically~*~*~ (stealth).
 22806 | Orc:2    | 22806 ||| PLANNING SHOALS:1-3
 22830 | Orc:1    | 22830 ||| INVOKING Heroism.
 23160 | Shoals:1 | Entered Level 1 of the Shoals
 23163 | Shoals:1 | 23163 ||| INVOKING Heroism.
 23205 | Shoals:1 | Reached XP level 17. HP: 95/111 MP: 24/24
 23211 | Shoals:1 | 23211 ||| INVOKING Finesse.
 23214 | Shoals:1 | 23214 ||| INVOKING Heroism.
 23408 | Shoals:1 | 23408 ||| Stepping ~*~*~tactically~*~*~ (stealth).
 23409 | Shoals:1 | 23409 ||| Stepping ~*~*~tactically~*~*~ (stealth).
 23413 | Shoals:1 | 23413 ||| INVOKING Heroism.
 23647 | Shoals:1 | 23647 ||| Stepping ~*~*~tactically~*~*~ (hiding).
 23748 | Shoals:1 | 23748 ||| Stepping ~*~*~tactically~*~*~ (stealth).
 23750 | Shoals:1 | 23750 ||| Stepping ~*~*~tactically~*~*~ (stealth).
 23888 | Shoals:1 | 23888 ||| INVOKING Heroism.
 23893 | Shoals:1 | Reached skill level 6 in Dodging
 23961 | Shoals:1 | 23961 ||| INVOKING Heroism.
 24001 | Shoals:1 | Found Lolaschui's Assorted Antiques.
 24012 | Shoals:1 | 24012 ||| BUYING potion of heal wounds (140 gold).
 24012 | Shoals:1 | Bought a potion of heal wounds for 140 gold pieces
 24012 | Shoals:1 | 24012 ||| BUYING scroll of enchant armour (210 gold).
 24012 | Shoals:1 | Bought a scroll of enchant armour for 210 gold pieces
 24012 | Shoals:1 | 24012 ||| BUYING scroll of teleportation (84 gold).
 24012 | Shoals:1 | Bought a scroll of teleportation for 84 gold pieces
 24012 | Shoals:1 | 24012 ||| READING scroll of enchant armour.
 24012 | Shoals:1 | 24012 ||| ENCHANTING +0 helmet.
 24070 | Shoals:1 | 24070 ||| INVOKING Heroism.
 24086 | Shoals:1 | 24086 ||| Stepping ~*~*~tactically~*~*~ (stealth).
 24088 | Shoals:1 | 24088 ||| Stepping ~*~*~tactically~*~*~ (hiding).
 24089 | Shoals:1 | 24089 ||| Stepping ~*~*~tactically~*~*~ (hiding).
 24091 | Shoals:1 | 24091 ||| Stepping ~*~*~tactically~*~*~ (hiding).
 24094 | Shoals:1 | 24094 ||| Stepping ~*~*~tactically~*~*~ (hiding).
 24097 | Shoals:1 | 24097 ||| INVOKING Heroism.
 24098 | Shoals:1 | 24098 ||| INVOKING Finesse.
 24516 | Shoals:2 | 24516 ||| INVOKING Heroism.
 24519 | Shoals:2 | 24519 ||| INVOKING Finesse.
 24724 | Shoals:2 | Found Molusom's Book Emporium.
 24767 | Shoals:2 | 24767 ||| INVOKING Heroism.
 24774 | Shoals:2 | Reached skill level 15 in Fighting
 24817 | Shoals:2 | 24817 ||| Stepping ~*~*~tactically~*~*~ (hiding).
 24933 | Shoals:2 | 24933 ||| Stepping ~*~*~tactically~*~*~ (hiding).
 24934 | Shoals:2 | 24934 ||| Stepping ~*~*~tactically~*~*~ (hiding).
 25039 | Shoals:2 | 25039 ||| Stepping ~*~*~tactically~*~*~ (hiding).
 25046 | Shoals:2 | 25046 ||| INVOKING Heroism.
 25066 | Shoals:2 | Received a gift from Okawaru
 25099 | Shoals:2 | Found Fushroroe's Self-Improvement Boutique.
 25491 | Shoals:2 | 25491 ||| READING 3 scrolls labelled OTURUI EBUT.
 25492 | Shoals:2 | 25492 ||| DROPPING 2 scrolls of poison.
 25614 | Shoals:3 | 25614 ||| Stepping ~*~*~tactically~*~*~ (hiding).
 25615 | Shoals:3 | 25615 ||| Stepping ~*~*~tactically~*~*~ (hiding).
 25616 | Shoals:3 | 25616 ||| Stepping ~*~*~tactically~*~*~ (hiding).
 25617 | Shoals:3 | 25617 ||| Stepping ~*~*~tactically~*~*~ (stealth).
 25632 | Shoals:3 | 25632 ||| Stepping ~*~*~tactically~*~*~ (hiding).
 25633 | Shoals:3 | 25633 ||| Stepping ~*~*~tactically~*~*~ (hiding).
 25779 | Shoals:3 | 25779 ||| Stepping ~*~*~tactically~*~*~ (hiding).
 25877 | Shoals:3 | 25877 ||| INVOKING Heroism.
 26005 | Shoals:3 | Identified the +3 ring mail of Reason {Fly Will+}
 26061 | Shoals:3 | 26061 ||| INVOKING Heroism.
 26242 | Shoals:3 | Reached skill level 15 in Shields
 26499 | Shoals:3 | 26499 ||| PLANNING SPIDER:1-3
 26641 | Spider:1 | Entered Level 1 of the Spider Nest
 26644 | Spider:1 | 26644 ||| INVOKING Finesse.
 26646 | Spider:1 | 26646 ||| INVOKING Heroism.
 26674 | Spider:1 | 26674 ||| Stepping ~*~*~tactically~*~*~ (stealth).
 26907 | Spider:1 | 26907 ||| Stepping ~*~*~tactically~*~*~ (stealth).
 26961 | Spider:1 | 26961 ||| Stepping ~*~*~tactically~*~*~ (stealth).
 26967 | Spider:1 | 26967 ||| Stepping ~*~*~tactically~*~*~ (stealth).
 26972 | Spider:1 | 26972 ||| Stepping ~*~*~tactically~*~*~ (stealth).
 27025 | Spider:1 | 27025 ||| INVOKING Heroism.
 27027 | Spider:1 | Identified the +3 hat of the Lost Path {Harm Stlth+}
                  | (Okawaru gifted it to you on level 1 of the Spider Nest)
 27027 | Spider:1 | Received a gift from Okawaru
 27028 | Spider:1 | Reached skill level 16 in Fighting
 27053 | Spider:1 | 27053 ||| Stepping ~*~*~tactically~*~*~ (hiding).
 27060 | Spider:1 | 27060 ||| INVOKING Finesse.
 27074 | Spider:1 | 27074 ||| INVOKING Heroism.
 27271 | Spider:1 | 27271 ||| INVOKING Heroism.
 27520 | Spider:1 | Identified the +1 falchion of Okhleq {spect, rElec Will+
                  | Int+4}
 27786 | Spider:1 | 27786 ||| DROPPING +3 hat of the Lost Path {Harm Stlth+}.
 27804 | Spider:2 | 27804 ||| STAIRDANCE
 27807 | Spider:1 | Reached XP level 18. HP: 120/120 MP: 25/25
 27807 | Spider:1 | 27807 ||| DROPPING +0 morningstar.
 27810 | Spider:2 | 27810 ||| STAIRDANCE
 27840 | Spider:2 | 27840 ||| STAIRDANCE
 27842 | Spider:1 | 27842 ||| INVOKING Heroism.
 27909 | Spider:2 | 27909 ||| STAIRDANCE
 27911 | Spider:1 | 27911 ||| INVOKING Heroism.
 27943 | Spider:2 | 27943 ||| STAIRDANCE
 27945 | Spider:1 | 27945 ||| INVOKING Heroism.
 28025 | Spider:2 | 28025 ||| STAIRDANCE
 28027 | Spider:1 | 28027 ||| INVOKING Heroism.
 28049 | Spider:2 | 28049 ||| STAIRDANCE
 28072 | Spider:2 | 28072 ||| STAIRDANCE
 28115 | Spider:2 | 28115 ||| INVOKING Heroism.
 28117 | Spider:2 | 28117 ||| STAIRDANCE
 28129 | Spider:1 | Reached skill level 17 in Fighting
 28167 | Spider:2 | 28167 ||| STAIRDANCE
 28169 | Spider:1 | 28169 ||| INVOKING Heroism.
 28308 | Spider:2 | 28308 ||| STAIRDANCE
 28310 | Spider:1 | 28310 ||| INVOKING Heroism.
 28354 | Spider:2 | 28354 ||| STAIRDANCE
 28362 | Spider:2 | Received a gift from Okawaru
 28363 | Spider:2 | 28363 ||| STAIRDANCE
 28472 | Spider:2 | 28472 ||| STAIRDANCE
 28647 | Spider:2 | 28647 ||| INVOKING Heroism.
 28654 | Spider:2 | 28654 ||| Stepping ~*~*~tactically~*~*~ (hiding).
 28655 | Spider:2 | 28655 ||| Stepping ~*~*~tactically~*~*~ (hiding).
 28656 | Spider:2 | 28656 ||| Stepping ~*~*~tactically~*~*~ (hiding).
 28668 | Spider:2 | 28668 ||| INVOKING Finesse.
 28739 | Spider:2 | 28739 ||| Stepping ~*~*~tactically~*~*~ (stealth).
 28740 | Spider:2 | 28740 ||| Stepping ~*~*~tactically~*~*~ (stealth).
 28741 | Spider:2 | 28741 ||| Stepping ~*~*~tactically~*~*~ (stealth).
 28742 | Spider:2 | 28742 ||| Stepping ~*~*~tactically~*~*~ (stealth).
 28743 | Spider:2 | 28743 ||| Stepping ~*~*~tactically~*~*~ (stealth).
 29144 | Spider:2 | 29144 ||| READING scroll labelled PEUSAR ILOVVU.
 29157 | Spider:3 | 29157 ||| INVOKING Heroism.
 29159 | Spider:3 | 29159 ||| STAIRDANCE
 29178 | Spider:3 | 29178 ||| Stepping ~*~*~tactically~*~*~ (stealth).
 29181 | Spider:3 | Received a gift from Okawaru
 29183 | Spider:3 | 29183 ||| Stepping ~*~*~tactically~*~*~ (stealth).
 29184 | Spider:3 | 29184 ||| Stepping ~*~*~tactically~*~*~ (stealth).
 29201 | Spider:3 | 29201 ||| Stepping ~*~*~tactically~*~*~ (stealth).
 29203 | Spider:3 | 29203 ||| INVOKING Heroism.
 29342 | Spider:3 | 29342 ||| Stepping ~*~*~tactically~*~*~ (stealth).
 29355 | Spider:3 | 29355 ||| Stepping ~*~*~tactically~*~*~ (stealth).
 29358 | Spider:3 | 29358 ||| Stepping ~*~*~tactically~*~*~ (stealth).
 29399 | Spider:3 | 29399 ||| Stepping ~*~*~tactically~*~*~ (stealth).
 29401 | Spider:3 | 29401 ||| Stepping ~*~*~tactically~*~*~ (stealth).
 29403 | Spider:3 | 29403 ||| INVOKING Heroism.
 29405 | Spider:3 | 29405 ||| Stepping ~*~*~tactically~*~*~ (stealth).
 29409 | Spider:3 | Reached skill level 9 in Throwing
 29414 | Spider:3 | Gained mutation: You are vulnerable to heat. (rF-)
                  | [mutagenic glow]
 29618 | Spider:3 | 29618 ||| Stepping ~*~*~tactically~*~*~ (stealth).
 29681 | Spider:3 | 29681 ||| Stepping ~*~*~tactically~*~*~ (stealth).
 29694 | Spider:3 | 29694 ||| INVOKING Heroism.
 29707 | Spider:3 | 29707 ||| Stepping ~*~*~tactically~*~*~ (stealth).
 29709 | Spider:3 | 29709 ||| Stepping ~*~*~tactically~*~*~ (stealth).
 29710 | Spider:3 | 29710 ||| Stepping ~*~*~tactically~*~*~ (stealth).
 29717 | Spider:3 | 29717 ||| Stepping ~*~*~tactically~*~*~ (stealth).
 29768 | Spider:3 | 29768 ||| INVOKING Heroism.
 29769 | Spider:3 | 29769 ||| INVOKING Finesse.
 29818 | Spider:3 | Received a gift from Okawaru
 29849 | Spider:3 | 29849 ||| Stepping ~*~*~tactically~*~*~ (stealth).
 29867 | Spider:3 | 29867 ||| INVOKING Heroism.
 29872 | Spider:3 | 29872 ||| Stepping ~*~*~tactically~*~*~ (stealth).
 29932 | Spider:3 | 29932 ||| FLEEEEING.
 29934 | Spider:3 | 29934 ||| FLEEEEING.
 30129 | Spider:3 | 30129 ||| PLANNING SHOALS:4
 30129 | Spider:3 | 30129 ||| DROPPING ring of fire.
 30303 | Shoals:4 | Entered Level 4 of the Shoals
 30327 | Shoals:4 | 30327 ||| FLEEEEING.
 30328 | Shoals:4 | 30328 ||| FLEEEEING.
 30329 | Shoals:4 | 30329 ||| FLEEEEING.
 30330 | Shoals:4 | 30330 ||| FLEEEEING.
 30357 | Shoals:4 | 30357 ||| Stepping ~*~*~tactically~*~*~ (stealth).
 30361 | Shoals:4 | 30361 ||| Stepping ~*~*~tactically~*~*~ (stealth).
 30363 | Shoals:4 | 30363 ||| Stepping ~*~*~tactically~*~*~ (stealth).
 30364 | Shoals:4 | 30364 ||| Stepping ~*~*~tactically~*~*~ (stealth).
 30389 | Shoals:4 | 30389 ||| Stepping ~*~*~tactically~*~*~ (hiding).
 30391 | Shoals:4 | 30391 ||| Stepping ~*~*~tactically~*~*~ (hiding).
 30393 | Shoals:4 | 30393 ||| INVOKING Heroism.
 30483 | Shoals:4 | 30483 ||| Stepping ~*~*~tactically~*~*~ (stealth).
 30488 | Shoals:4 | 30488 ||| Stepping ~*~*~tactically~*~*~ (hiding).
 30489 | Shoals:4 | 30489 ||| Stepping ~*~*~tactically~*~*~ (hiding).
 30492 | Shoals:4 | 30492 ||| INVOKING Heroism.
 30504 | Shoals:4 | Noticed Polyphemus
 30505 | Shoals:4 | 30505 ||| INVOKING Finesse.
 30526 | Shoals:4 | 30526 ||| INVOKING Heroism.
 30530 | Shoals:4 | Killed Polyphemus
 30532 | Shoals:4 | Reached XP level 19. HP: 128/128 MP: 20/26
 30555 | Shoals:4 | 30555 ||| Stepping ~*~*~tactically~*~*~ (hiding).
 30556 | Shoals:4 | 30556 ||| Stepping ~*~*~tactically~*~*~ (hiding).
 30628 | Shoals:4 | 30628 ||| READING scroll of enchant armour.
 30628 | Shoals:4 | 30628 ||| ENCHANTING +1 helmet.
 30692 | Shoals:4 | 30692 ||| Stepping ~*~*~tactically~*~*~ (hiding).
 30693 | Shoals:4 | 30693 ||| Stepping ~*~*~tactically~*~*~ (hiding).
 30730 | Shoals:4 | 30730 ||| Stepping ~*~*~tactically~*~*~ (hiding).
 30787 | Shoals:4 | 30787 ||| INVOKING Heroism.
 30788 | Shoals:4 | 30788 ||| INVOKING Finesse.
 30790 | Shoals:4 | Reached skill level 18 in Fighting
 30792 | Shoals:4 | 30792 ||| Stepping ~*~*~tactically~*~*~ (hiding).
 30793 | Shoals:4 | 30793 ||| Stepping ~*~*~tactically~*~*~ (hiding).
 30800 | Shoals:4 | Received a gift from Okawaru
 30841 | Shoals:4 | Received a gift from Okawaru
 30842 | Shoals:4 | Reached skill level 12 in Armour
 30919 | Shoals:4 | 30919 ||| INVOKING Heroism.
 30922 | Shoals:4 | 30922 ||| Stepping ~*~*~tactically~*~*~ (stealth).
 30924 | Shoals:4 | 30924 ||| Stepping ~*~*~tactically~*~*~ (stealth).
 30925 | Shoals:4 | 30925 ||| Stepping ~*~*~tactically~*~*~ (stealth).
 30926 | Shoals:4 | 30926 ||| Stepping ~*~*~tactically~*~*~ (stealth).
 30927 | Shoals:4 | 30927 ||| Stepping ~*~*~tactically~*~*~ (stealth).
 30974 | Shoals:4 | 30974 ||| Stepping ~*~*~tactically~*~*~ (stealth).
 30983 | Shoals:4 | 30983 ||| Stepping ~*~*~tactically~*~*~ (stealth).
 30984 | Shoals:4 | 30984 ||| Stepping ~*~*~tactically~*~*~ (stealth).
 31040 | Shoals:4 | 31040 ||| DROPPING +0 broad axe of freezing.
 31043 | Shoals:4 | Got a barnacled rune of Zot
 31172 | Shoals:4 | 31172 ||| INVOKING Heroism.
 31327 | Shoals:4 | 31327 ||| PLANNING VAULTS:1-4
 31545 | Vaults:1 | Entered Level 1 of the Vaults
 31615 | Vaults:1 | 31615 ||| INVOKING Heroism.
 31655 | Vaults:1 | 31655 ||| INVOKING Heroism.
 32011 | Vaults:1 | 32011 ||| Stepping ~*~*~tactically~*~*~ (stealth).
 32060 | Vaults:1 | 32060 ||| Stepping ~*~*~tactically~*~*~ (hiding).
 32303 | Vaults:1 | 32303 ||| Stepping ~*~*~tactically~*~*~ (hiding).
 32304 | Vaults:1 | 32304 ||| Stepping ~*~*~tactically~*~*~ (hiding).
 32312 | Vaults:1 | 32312 ||| Stepping ~*~*~tactically~*~*~ (hiding).
 32313 | Vaults:1 | 32313 ||| Stepping ~*~*~tactically~*~*~ (hiding).
 32521 | Vaults:1 | 32521 ||| INVOKING Heroism.
 32522 | Vaults:1 | 32522 ||| INVOKING Finesse.
 32529 | Vaults:1 | Received a gift from Okawaru
 32580 | Vaults:1 | Found Wohops's General Store.
 32589 | Vaults:1 | 32589 ||| BUYING 2 potions of haste (420 gold).
 32589 | Vaults:1 | Bought 2 potions of haste for 420 gold pieces
 32589 | Vaults:1 | 32589 ||| BUYING potion of attraction (63 gold).
 32589 | Vaults:1 | Bought a potion of attraction for 63 gold pieces
 32589 | Vaults:1 | 32589 ||| BUYING potion of resistance (210 gold).
 32589 | Vaults:1 | Bought a potion of resistance for 210 gold pieces
 32589 | Vaults:1 | 32589 ||| BUYING scroll of teleportation (63 gold).
 32589 | Vaults:1 | Bought a scroll of teleportation for 63 gold pieces
 32726 | Vaults:1 | 32726 ||| Stepping ~*~*~tactically~*~*~ (hiding).
 32727 | Vaults:1 | 32727 ||| INVOKING Heroism.
 32734 | Vaults:1 | Received a gift from Okawaru
 32820 | Vaults:1 | 32820 ||| INVOKING Heroism.
 32849 | Vaults:1 | 32849 ||| Stepping ~*~*~tactically~*~*~ (hiding).
 32850 | Vaults:1 | 32850 ||| Stepping ~*~*~tactically~*~*~ (hiding).
 32855 | Vaults:1 | Paralysed by a sphinx for 4 turns
 32936 | Vaults:1 | Received a gift from Okawaru
 32941 | Vaults:1 | 32941 ||| Stepping ~*~*~tactically~*~*~ (hiding).
 33013 | Vaults:1 | 33013 ||| Stepping ~*~*~tactically~*~*~ (hiding).
 33084 | Vaults:1 | 33084 ||| Stepping ~*~*~tactically~*~*~ (hiding).
 33086 | Vaults:1 | 33086 ||| Stepping ~*~*~tactically~*~*~ (hiding).
 33087 | Vaults:1 | 33087 ||| Stepping ~*~*~tactically~*~*~ (hiding).
 33088 | Vaults:1 | 33088 ||| INVOKING Heroism.
 33095 | Vaults:1 | Reached skill level 19 in Fighting
 33107 | Vaults:1 | Received a gift from Okawaru
 33223 | Vaults:1 | 33223 ||| INVOKING Heroism.
 33253 | Vaults:1 | 33253 ||| Stepping ~*~*~tactically~*~*~ (hiding).
 33355 | Vaults:1 | 33355 ||| Stepping ~*~*~tactically~*~*~ (hiding).
 33378 | Vaults:1 | 33378 ||| DROPPING scarf of invisibility.
 33504 | Vaults:2 | 33504 ||| INVOKING Heroism.
 33546 | Vaults:2 | 33546 ||| Stepping ~*~*~tactically~*~*~ (hiding).
 33547 | Vaults:2 | 33547 ||| Stepping ~*~*~tactically~*~*~ (hiding).
 33564 | Vaults:2 | 33564 ||| Stepping ~*~*~tactically~*~*~ (stealth).
 33565 | Vaults:2 | 33565 ||| Stepping ~*~*~tactically~*~*~ (stealth).
 33572 | Vaults:2 | 33572 ||| INVOKING Heroism.
 33596 | Vaults:2 | 33596 ||| Stepping ~*~*~tactically~*~*~ (hiding).
 33597 | Vaults:2 | 33597 ||| Stepping ~*~*~tactically~*~*~ (hiding).
 33643 | Vaults:2 | Identified the +1 chain mail "Nemasom" {Dex+4}
 33654 | Vaults:2 | 33654 ||| Stepping ~*~*~tactically~*~*~ (hiding).
 33801 | Vaults:2 | 33801 ||| INVOKING Heroism.
 33807 | Vaults:2 | Reached XP level 20. HP: 129/139 MP: 25/27
 33868 | Vaults:2 | 33868 ||| Stepping ~*~*~tactically~*~*~ (hiding).
 33870 | Vaults:2 | 33870 ||| Stepping ~*~*~tactically~*~*~ (hiding).
 33871 | Vaults:2 | 33871 ||| Stepping ~*~*~tactically~*~*~ (hiding).
 33946 | Vaults:2 | Received a gift from Okawaru
 34270 | Vaults:2 | 34270 ||| Stepping ~*~*~tactically~*~*~ (hiding).
 34721 | Vaults:2 | 34721 ||| INVOKING Heroism.
 34732 | Vaults:2 | Received a gift from Okawaru
 34738 | Vaults:2 | 34738 ||| INVOKING Heroism.
 35012 | Vaults:2 | 35012 ||| INVOKING Heroism.
 35013 | Vaults:2 | 35013 ||| INVOKING Finesse.
 35054 | Vaults:2 | Found a staircase to the Crypt.
 35097 | Vaults:2 | 35097 ||| Stepping ~*~*~tactically~*~*~ (hiding).
 35114 | Vaults:2 | Identified the +0 plate armour "Ileuc" {Contam rElec Regen+
                  | Str+4} (Okawaru gifted it to you on level 2 of the Vaults)
 35114 | Vaults:2 | Received a gift from Okawaru
 35293 | Vaults:2 | 35293 ||| DROPPING +3 scale mail of cold resistance.
 35294 | Vaults:2 | 35294 ||| DROPPING +1 chain mail "Nemasom" {Dex+4}.
 35295 | Vaults:2 | 35295 ||| UPGRADING to +0 plate armour "Ileuc" {Contam
                  | rElec Regen+ Str+4}.
 35305 | Vaults:2 | 35305 ||| DROPPING +6 ring of strength.
 35311 | Vaults:3 | 35311 ||| INVOKING Heroism.
 35319 | Vaults:3 | 35319 ||| DRINKING 8 potions of curing.
 35319 | Vaults:3 | 35319 ||| (to cure confusion)
 35338 | Abyss:2  | Cast into level 2 of the Abyss (a wizard)
 35432 | Vaults:3 | Escaped the Abyss
 35434 | Vaults:3 | 35434 ||| INVOKING Heroism.
 35509 | Vaults:3 | 35509 ||| FLEEEEING.
 35510 | Vaults:3 | 35510 ||| FLEEEEING.
 35511 | Vaults:3 | 35511 ||| FLEEEEING.
 35516 | Vaults:3 | 35516 ||| FLEEEEING.
 35524 | Vaults:3 | 35524 ||| Stepping ~*~*~tactically~*~*~ (hiding).
 35721 | Vaults:3 | 35721 ||| FLEEEEING.
 35722 | Vaults:3 | 35722 ||| FLEEEEING.
 35723 | Vaults:3 | 35723 ||| FLEEEEING.
 35724 | Vaults:3 | 35724 ||| FLEEEEING.
 35726 | Vaults:3 | 35726 ||| FLEEEEING.
 35727 | Vaults:3 | 35727 ||| FLEEEEING.
 35730 | Vaults:3 | 35730 ||| FLEEEEING.
 35734 | Vaults:3 | 35734 ||| FLEEEEING.
 35738 | Vaults:3 | 35738 ||| STAIRDANCE
 35950 | Vaults:3 | 35950 ||| STAIRDANCE
 36059 | Vaults:3 | 36059 ||| Stepping ~*~*~tactically~*~*~ (hiding).
 36072 | Vaults:3 | 36072 ||| Stepping ~*~*~tactically~*~*~ (hiding).
 36076 | Vaults:3 | 36076 ||| Stepping ~*~*~tactically~*~*~ (hiding).
 36087 | Vaults:3 | 36087 ||| Stepping ~*~*~tactically~*~*~ (hiding).
 36089 | Vaults:3 | 36089 ||| INVOKING Heroism.
 36090 | Vaults:3 | 36090 ||| Stepping ~*~*~tactically~*~*~ (hiding).
 36159 | Vaults:3 | Noticed Zenata
 36160 | Vaults:3 | 36160 ||| INVOKING Heroism.
 36161 | Vaults:3 | 36161 ||| INVOKING Finesse.
 36173 | Vaults:3 | Killed Zenata
 36215 | Vaults:3 | 36215 ||| INVOKING Heroism.
 36224 | Vaults:3 | Reached skill level 15 in Armour
 36227 | Abyss:2  | Cast into level 2 of the Abyss (a wizard)
 36248 | Abyss:2  | 36248 ||| Stepping ~*~*~tactically~*~*~ (stealth).
 36250 | Abyss:2  | 36250 ||| Stepping ~*~*~tactically~*~*~ (stealth).
 36282 | Abyss:2  | 36282 ||| Stepping ~*~*~tactically~*~*~ (hiding).
 36283 | Abyss:2  | Noticed a dread lich
 36284 | Abyss:2  | 36284 ||| INVOKING Heroism.
 36285 | Abyss:2  | 36285 ||| INVOKING Finesse.
 36286 | Abyss:2  | 36286 ||| Stepping ~*~*~tactically~*~*~ (hiding).
 36297 | Abyss:2  | Killed a dread lich
 36322 | Abyss:2  | 36322 ||| Stepping ~*~*~tactically~*~*~ (stealth).
 36324 | Abyss:2  | 36324 ||| Stepping ~*~*~tactically~*~*~ (stealth).
 36353 | Abyss:2  | 36353 ||| Stepping ~*~*~tactically~*~*~ (stealth).
 36354 | Abyss:2  | 36354 ||| Stepping ~*~*~tactically~*~*~ (stealth).
 36356 | Abyss:2  | 36356 ||| Stepping ~*~*~tactically~*~*~ (hiding).
 36359 | Abyss:2  | 36359 ||| Stepping ~*~*~tactically~*~*~ (hiding).
 36360 | Abyss:2  | 36360 ||| Stepping ~*~*~tactically~*~*~ (hiding).
 36375 | Abyss:2  | 36375 ||| Stepping ~*~*~tactically~*~*~ (hiding).
 36398 | Abyss:2  | 36398 ||| INVOKING Heroism.
 36425 | Abyss:2  | 36425 ||| Stepping ~*~*~tactically~*~*~ (stealth).
 36426 | Abyss:2  | 36426 ||| Stepping ~*~*~tactically~*~*~ (stealth).
 36429 | Abyss:2  | 36429 ||| Stepping ~*~*~tactically~*~*~ (stealth).
 36430 | Abyss:2  | 36430 ||| Stepping ~*~*~tactically~*~*~ (stealth).
 36440 | Abyss:2  | 36440 ||| Stepping ~*~*~tactically~*~*~ (stealth).
 36442 | Abyss:2  | 36442 ||| Stepping ~*~*~tactically~*~*~ (stealth).
 36461 | Abyss:2  | 36461 ||| Stepping ~*~*~tactically~*~*~ (stealth).
 36557 | Abyss:2  | 36557 ||| Stepping ~*~*~tactically~*~*~ (stealth).
 36577 | Abyss:2  | 36577 ||| INVOKING Heroism.
 36592 | Abyss:2  | Gained mutation: You occasionally lose the ability to drink
                  | potions when taking damage. [a neqoxec]
 36595 | Vaults:3 | Escaped the Abyss
 36623 | Vaults:3 | 36623 ||| DRINKING 2 potions of mutation.
 36623 | Vaults:3 | Lost mutation: You are agile. (Dex +4, Str/Int -1) [potion
                  | of mutation]
 36623 | Vaults:3 | Lost mutation: You occasionally lose the ability to drink
                  | potions when taking damage. [potion of mutation]
 36623 | Vaults:3 | Gained mutation: You have hidden genetic defects. [potion
                  | of mutation]
 36623 | Vaults:3 | Gained mutation: You are agile. (Dex +4, Str/Int -1)
                  | [potion of mutation]
 36623 | Vaults:3 | Gained mutation: You are strong-willed. (Will+) [potion of
                  | mutation]
 36645 | Vaults:3 | Found a transporter.
 36648 | Vaults:3 | 36648 ||| Stepping ~*~*~tactically~*~*~ (stealth).
 36650 | Vaults:3 | 36650 ||| Stepping ~*~*~tactically~*~*~ (stealth).
 36651 | Vaults:3 | 36651 ||| Stepping ~*~*~tactically~*~*~ (stealth).
 36673 | Vaults:3 | Noticed Moagi's ghost (adept GnSk)
 36694 | Vaults:3 | Found a transporter.
 36696 | Vaults:3 | Noticed a dread lich
 36735 | Vaults:3 | 36735 ||| Stepping ~*~*~tactically~*~*~ (stealth).
 36790 | Vaults:3 | 36790 ||| INVOKING Heroism.
 36939 | Vaults:3 | 36939 ||| DRINKING potion of experience.
 36939 | Vaults:3 | Reached XP level 21. HP: 144/144 MP: 28/28
 36946 | Vaults:3 | 36946 ||| INVOKING Heroism.
 36952 | Vaults:3 | Reached XP level 22. HP: 150/150 MP: 27/29
 36972 | Vaults:3 | 36972 ||| READING 2 scrolls of acquirement.
 36972 | Vaults:3 | 36972 ||| ACQUIRING amulet of Seadokid {Spirit rElec rN+
                  | SInv}
 36972 | Vaults:3 | Acquired the amulet of Seadokid {Spirit rElec rN+ SInv}
 36974 | Vaults:3 | 36974 ||| READING scroll of acquirement.
 36974 | Vaults:3 | 36974 ||| ACQUIRING 798 gold pieces
 36974 | Vaults:3 | Acquired 798 gold pieces
 37070 | Vaults:3 | 37070 ||| FLEEEEING.
 37075 | Vaults:3 | 37075 ||| FLEEEEING.
 37076 | Vaults:3 | 37076 ||| FLEEEEING.
 37077 | Vaults:3 | 37077 ||| FLEEEEING.
 37078 | Vaults:3 | 37078 ||| FLEEEEING.
 37080 | Vaults:3 | 37080 ||| FLEEEEING.
 37091 | Vaults:3 | 37091 ||| FLEEEEING.
 37092 | Vaults:3 | 37092 ||| FLEEEEING.
 37093 | Vaults:3 | 37093 ||| FLEEEEING.
 37287 | Vaults:3 | 37287 ||| INVOKING Heroism.
 37302 | Vaults:3 | Received a gift from Okawaru
 37319 | Vaults:3 | 37319 ||| Stepping ~*~*~tactically~*~*~ (hiding).
 37441 | Vaults:3 | Identified the +10 mace "Secret Weapon" {freeze, +Blink
                  | rPois rF+ Str+7}
 37684 | Vaults:3 | 37684 ||| UPGRADING to +0 tower shield.
 37694 | Vaults:3 | 37694 ||| DROPPING +0 kite shield of poison resistance.
 37743 | Vaults:4 | 37743 ||| Stepping ~*~*~tactically~*~*~ (hiding).
 37745 | Vaults:4 | 37745 ||| Stepping ~*~*~tactically~*~*~ (hiding).
 37763 | Vaults:4 | Gained mutation: You are frail. (-10% HP) [hidden defects]
 37767 | Vaults:4 | 37767 ||| DRINKING potion of mutation.
 37767 | Vaults:4 | Lost mutation: You are frail. (-10% HP) [potion of
                  | mutation]
 37767 | Vaults:4 | Lost mutation: You are partially covered in iridescent
                  | scales. (AC +2) [potion of mutation]
 37767 | Vaults:4 | Lost mutation: You are agile. (Dex +4, Str/Int -1) [potion
                  | of mutation]
 37767 | Vaults:4 | Gained mutation: You are clumsy. (Dex -2) [potion of
                  | mutation]
 37883 | Vaults:4 | 37883 ||| Stepping ~*~*~tactically~*~*~ (stealth).
 37885 | Vaults:4 | 37885 ||| INVOKING Heroism.
 37936 | Vaults:4 | 37936 ||| INVOKING Heroism.
 37954 | Vaults:4 | Received a gift from Okawaru
 37958 | Vaults:4 | HP: 35/150 [orc high priest/divine providence (15)]
 37959 | Vaults:4 | 37959 ||| READING 20 scrolls of teleportation.
 37960 | Vaults:4 | 37960 ||| DRINKING 5 potions of heal wounds.
 38090 | Vaults:4 | 38090 ||| INVOKING Heroism.
 38121 | Vaults:4 | 38121 ||| Stepping ~*~*~tactically~*~*~ (stealth).
 38128 | Vaults:4 | 38128 ||| Stepping ~*~*~tactically~*~*~ (stealth).
 38133 | Vaults:4 | 38133 ||| INVOKING Heroism.
 38139 | Vaults:4 | Reached skill level 18 in Shields
 38201 | Vaults:4 | 38201 ||| Stepping ~*~*~tactically~*~*~ (hiding).
 38203 | Vaults:4 | 38203 ||| Stepping ~*~*~tactically~*~*~ (hiding).
 38204 | Vaults:4 | 38204 ||| Stepping ~*~*~tactically~*~*~ (hiding).
 38270 | Vaults:4 | 38270 ||| INVOKING Heroism.
 38304 | Vaults:4 | Gained mutation: Your body sometimes deteriorates upon
                  | taking damage. [hidden defects]
 38304 | Vaults:4 | Lost mutation: You have hidden genetic defects. [hidden
                  | defects expressed]
 38331 | Vaults:4 | 38331 ||| Stepping ~*~*~tactically~*~*~ (stealth).
 38339 | Vaults:4 | 38339 ||| Stepping ~*~*~tactically~*~*~ (hiding).
 38488 | Vaults:4 | 38488 ||| Stepping randomly (stuck).
 38519 | Vaults:4 | Received a gift from Okawaru
 38522 | Vaults:4 | 38522 ||| Stepping ~*~*~tactically~*~*~ (stealth).
 38526 | Vaults:4 | 38526 ||| INVOKING Heroism.
 38645 | Vaults:4 | 38645 ||| Stepping ~*~*~tactically~*~*~ (stealth).
 38646 | Vaults:4 | 38646 ||| Stepping ~*~*~tactically~*~*~ (stealth).
 38647 | Vaults:4 | 38647 ||| Stepping ~*~*~tactically~*~*~ (stealth).
 38852 | Vaults:4 | 38852 ||| Stepping ~*~*~tactically~*~*~ (hiding).
 38853 | Vaults:4 | 38853 ||| Stepping ~*~*~tactically~*~*~ (hiding).
 38888 | Vaults:4 | 38888 ||| Stepping ~*~*~tactically~*~*~ (hiding).
 39021 | Vaults:4 | Found a runed translucent gate.
 39022 | Vaults:4 | Found a runed translucent gate.
 39022 | Vaults:4 | Found a runed translucent gate.
 39339 | Vaults:4 | 39339 ||| PLANNING SPIDER:4
 39339 | Vaults:4 | 39339 ||| UPGRADING to +1 tower shield of protection.
 39349 | Vaults:4 | 39349 ||| DROPPING +0 tower shield.
 39733 | Spider:4 | Entered Level 4 of the Spider Nest
 39733 | Spider:4 | Noticed Donald
 39734 | Spider:4 | 39734 ||| INVOKING Heroism.
 39754 | Spider:4 | Killed Donald
 39766 | Spider:4 | 39766 ||| INVOKING Heroism.
 39859 | Spider:4 | 39859 ||| Stepping ~*~*~tactically~*~*~ (hiding).
 39861 | Spider:4 | 39861 ||| INVOKING Heroism.
 39883 | Spider:4 | 39883 ||| Stepping randomly (stuck).
 39884 | Spider:4 | 39884 ||| Stepping randomly (stuck).
 39947 | Spider:4 | 39947 ||| INVOKING Heroism.
 39993 | Spider:4 | 39993 ||| Stepping ~*~*~tactically~*~*~ (stealth).
 39999 | Spider:4 | 39999 ||| Stepping ~*~*~tactically~*~*~ (hiding).
 40001 | Spider:4 | 40001 ||| INVOKING Heroism.
 40016 | Spider:4 | 40016 ||| Stepping ~*~*~tactically~*~*~ (stealth).
 40017 | Spider:4 | 40017 ||| Stepping ~*~*~tactically~*~*~ (hiding).
 40181 | Spider:4 | Found a frozen archway.
 40407 | Spider:4 | 40407 ||| INVOKING Heroism.
 40464 | Spider:4 | Reached skill level 18 in Armour
 40464 | Spider:4 | 40464 ||| Stepping ~*~*~tactically~*~*~ (stealth).
 40467 | Spider:4 | 40467 ||| INVOKING Heroism.
 40641 | Spider:4 | Got a gossamer rune of Zot
 40704 | Spider:4 | 40704 ||| Stepping ~*~*~tactically~*~*~ (hiding).
 40706 | Spider:4 | 40706 ||| Stepping ~*~*~tactically~*~*~ (hiding).
 40767 | Spider:4 | 40767 ||| PLANNING DEPTHS
 40767 | Spider:4 | 40767 ||| DROPPING scarf of invisibility.
 41016 | Depths:1 | Entered Level 1 of the Depths
 41030 | Depths:1 | 41030 ||| INVOKING Heroism.
 41031 | Depths:1 | 41031 ||| INVOKING Finesse.
 41089 | Depths:1 | 41089 ||| Stepping ~*~*~tactically~*~*~ (hiding).
 41092 | Depths:1 | 41092 ||| INVOKING Heroism.
 41096 | Depths:1 | 41096 ||| Stepping ~*~*~tactically~*~*~ (hiding).
 41112 | Depths:1 | Found a runed translucent door.
 41132 | Depths:1 | 41132 ||| INVOKING Heroism.
 41133 | Depths:1 | Noticed a golden dragon
 41134 | Depths:1 | 41134 ||| INVOKING Finesse.
 41153 | Depths:1 | Killed a golden dragon
 41184 | Depths:1 | Found Hyty's Armour Shop.
 41196 | Depths:1 | 41196 ||| BUYING +3 ring mail of Eternal Night {Regen+
                  | rCorr} (379 gold).
 41196 | Depths:1 | Bought the +3 ring mail of Eternal Night {Regen+ rCorr} for
                  | 379 gold pieces
 41300 | Depths:1 | 41300 ||| INVOKING Finesse.
 41301 | Depths:1 | 41301 ||| INVOKING Heroism.
 41321 | Depths:1 | Reached skill level 20 in Fighting
 41321 | Depths:1 | Reached XP level 23. HP: 156/156 MP: 23/30
 41364 | Depths:1 | 41364 ||| DRINKING potion of experience.
 41364 | Depths:1 | Reached skill level 21 in Shields
 41364 | Depths:1 | Reached XP level 24. HP: 163/163 MP: 30/30
 41394 | Depths:1 | 41394 ||| INVOKING Heroism.
 41453 | Depths:1 | 41453 ||| INVOKING Heroism.
 41589 | Depths:1 | Found a gateway to Hell.
 41800 | Depths:1 | Found a corrupted altar of Lugonu.
 41828 | Depths:1 | Received a gift from Okawaru
 41941 | Depths:1 | 41941 ||| INVOKING Heroism.
 42324 | Depths:1 | 42324 ||| DROPPING +3 leather armour "Echuis" {Rampage Fly
                  | rCorr Str-5}.
 42325 | Depths:1 | 42325 ||| DROPPING +9 scale mail of Qadwuteo {rF+ Stlth+}.
 42358 | Depths:2 | 42358 ||| INVOKING Heroism.
 42367 | Depths:2 | Found Lejoerag's Armour Emporium.
 42391 | Depths:2 | Received a gift from Okawaru
 42454 | Depths:2 | 42454 ||| BUYING +1 helmet "Ocvudis" {Rampage Will+ Regen+
                  | SInv} (420 gold).
 42454 | Depths:2 | Bought the +1 helmet "Ocvudis" {Rampage Will+ Regen+ SInv}
                  | for 420 gold pieces
 42619 | Depths:2 | 42619 ||| Stepping ~*~*~tactically~*~*~ (hiding).
 42629 | Depths:2 | Found a one-way gateway to a ziggurat.
 42795 | Depths:2 | Found a one-way gate leading to the halls of Pandemonium.
 42860 | Depths:2 | 42860 ||| Stepping ~*~*~tactically~*~*~ (stealth).
 42950 | Depths:2 | 42950 ||| Stepping ~*~*~tactically~*~*~ (stealth).
 42953 | Depths:2 | 42953 ||| INVOKING Heroism.
 42967 | Depths:2 | 42967 ||| Stepping ~*~*~tactically~*~*~ (hiding).
 43163 | Depths:2 | 43163 ||| INVOKING Heroism.
 43218 | Depths:2 | 43218 ||| Stepping ~*~*~tactically~*~*~ (stealth).
 43219 | Depths:2 | 43219 ||| Stepping ~*~*~tactically~*~*~ (stealth).
 43225 | Depths:2 | 43225 ||| Stepping ~*~*~tactically~*~*~ (stealth).
 43226 | Depths:2 | 43226 ||| Stepping ~*~*~tactically~*~*~ (stealth).
 43227 | Depths:2 | 43227 ||| Stepping ~*~*~tactically~*~*~ (stealth).
 43228 | Depths:2 | 43228 ||| Stepping ~*~*~tactically~*~*~ (stealth).
 43229 | Depths:2 | 43229 ||| Stepping ~*~*~tactically~*~*~ (stealth).
 43261 | Depths:2 | 43261 ||| INVOKING Heroism.
 43262 | Depths:2 | 43262 ||| INVOKING Finesse.
 43275 | Depths:2 | Reached skill level 21 in Fighting
 43437 | Depths:2 | 43437 ||| Stepping ~*~*~tactically~*~*~ (stealth).
 43439 | Depths:2 | 43439 ||| INVOKING Finesse.
 43695 | Depths:2 | 43695 ||| UPGRADING to +1 helmet "Ocvudis" {Rampage Will+
                  | Regen+ SInv}.
 43705 | Depths:2 | 43705 ||| DROPPING +2 helmet.
 43790 | Depths:3 | 43790 ||| INVOKING Heroism.
 43791 | Depths:3 | 43791 ||| INVOKING Finesse.
 43997 | Depths:3 | 43997 ||| Stepping ~*~*~tactically~*~*~ (stealth).
 43998 | Depths:3 | 43998 ||| INVOKING Finesse.
 44044 | Depths:3 | 44044 ||| Stepping ~*~*~tactically~*~*~ (hiding).
 44062 | Depths:3 | 44062 ||| INVOKING Heroism.
 44200 | Depths:3 | 44200 ||| Stepping ~*~*~tactically~*~*~ (stealth).
 44214 | Depths:3 | 44214 ||| INVOKING Heroism.
 44342 | Depths:3 | Found a sparkling altar of Nemelex Xobeh.
 44343 | Depths:3 | 44343 ||| Stepping randomly (stuck).
 44344 | Depths:3 | 44344 ||| Stepping randomly (stuck).
 44345 | Depths:3 | 44345 ||| Stepping randomly (stuck).
 44346 | Depths:3 | 44346 ||| Stepping randomly (stuck).
 44347 | Depths:3 | 44347 ||| Stepping randomly (stuck).
 44691 | Depths:3 | Identified the +1 cloak "Uppeugox" {rCorr Slay+2}
 44693 | Depths:3 | 44693 ||| DROPPING +0 cloak.
 44694 | Depths:3 | 44694 ||| DROPPING +1 pair of boots.
 44695 | Depths:3 | 44695 ||| DROPPING scarf of repulsion.
 44718 | Depths:4 | Entered Level 4 of the Depths
 44719 | Depths:4 | 44719 ||| INVOKING Heroism.
 44720 | Depths:4 | 44720 ||| STAIRDANCE
 44730 | Depths:4 | Noticed the Enchantress
 44731 | Depths:4 | 44731 ||| STAIRDANCE
 44751 | Depths:4 | 44751 ||| STAIRDANCE
 44794 | Depths:4 | 44794 ||| STAIRDANCE
 44796 | Depths:3 | 44796 ||| INVOKING Heroism.
 44797 | Depths:3 | 44797 ||| INVOKING Finesse.
 44817 | Depths:3 | Killed the Enchantress
 44847 | Depths:4 | 44847 ||| STAIRDANCE
 44938 | Depths:4 | Identified the +10 flail of Teawin {venom, Contam Int+4}
 45060 | Depths:4 | 45060 ||| Stepping ~*~*~tactically~*~*~ (hiding).
 45072 | Depths:4 | Received a gift from Okawaru
 45073 | Depths:4 | 45073 ||| Stepping ~*~*~tactically~*~*~ (stealth).
 45115 | Depths:4 | 45115 ||| Stepping ~*~*~tactically~*~*~ (hiding).
 45203 | Depths:4 | Found a gate to the Realm of Zot.
 45204 | Depths:4 | 45204 ||| INVOKING Heroism.
 45271 | Depths:4 | 45271 ||| Stepping ~*~*~tactically~*~*~ (hiding).
 45286 | Depths:4 | 45286 ||| Stepping ~*~*~tactically~*~*~ (stealth).
 45386 | Depths:4 | 45386 ||| Stepping ~*~*~tactically~*~*~ (hiding).
 45602 | Depths:4 | Reached skill level 22 in Fighting
 45617 | Depths:4 | Found Xastihush's Book Emporium.
 45620 | Depths:4 | 45620 ||| INVOKING Heroism.
 45631 | Depths:4 | Reached XP level 25. HP: 168/173 MP: 29/30
 45695 | Depths:4 | 45695 ||| Stepping ~*~*~tactically~*~*~ (stealth).
 45699 | Depths:4 | 45699 ||| Stepping ~*~*~tactically~*~*~ (hiding).
 45703 | Depths:4 | 45703 ||| INVOKING Heroism.
 45988 | Depths:4 | 45988 ||| PLANNING VAULTS:5
 46406 | Vaults:5 | Entered Level 5 of the Vaults
 46407 | Vaults:5 | 46407 ||| INVOKING Heroism.
 46408 | Vaults:5 | 46408 ||| STAIRDANCE
 46467 | Vaults:5 | 46467 ||| STAIRDANCE
 46469 | Vaults:4 | 46469 ||| INVOKING Heroism.
 46473 | Vaults:4 | Reached skill level 12 in Throwing
 46524 | Vaults:5 | 46524 ||| Stepping ~*~*~tactically~*~*~ (stealth).
 46525 | Vaults:5 | 46525 ||| Stepping ~*~*~tactically~*~*~ (stealth).
 46526 | Vaults:5 | 46526 ||| INVOKING Heroism.
 46530 | Vaults:5 | Received a gift from Okawaru
 46551 | Vaults:5 | 46551 ||| INVOKING Heroism.
 46552 | Vaults:5 | 46552 ||| Stepping ~*~*~tactically~*~*~ (stealth).
 46604 | Vaults:5 | 46604 ||| INVOKING Heroism.
 46621 | Vaults:5 | HP: 41/173 [frost giant/+1 battleaxe of freezing (4)]
 46622 | Vaults:5 | 46622 ||| READING 23 scrolls of teleportation.
 46623 | Vaults:5 | 46623 ||| DRINKING 6 potions of heal wounds.
 46680 | Vaults:5 | 46680 ||| Stepping ~*~*~tactically~*~*~ (stealth).
 46720 | Vaults:5 | 46720 ||| Stepping ~*~*~tactically~*~*~ (stealth).
 46722 | Vaults:5 | 46722 ||| Stepping ~*~*~tactically~*~*~ (stealth).
 46725 | Vaults:5 | 46725 ||| Stepping ~*~*~tactically~*~*~ (stealth).
 46727 | Vaults:5 | 46727 ||| Stepping ~*~*~tactically~*~*~ (stealth).
 46729 | Vaults:5 | 46729 ||| Stepping ~*~*~tactically~*~*~ (hiding).
 46731 | Vaults:5 | Received a gift from Okawaru
 46732 | Vaults:5 | 46732 ||| Stepping ~*~*~tactically~*~*~ (hiding).
 46736 | Vaults:5 | 46736 ||| INVOKING Heroism.
 46777 | Vaults:5 | 46777 ||| Stepping ~*~*~tactically~*~*~ (stealth).
 46783 | Vaults:5 | 46783 ||| Stepping ~*~*~tactically~*~*~ (hiding).
 46793 | Vaults:5 | 46793 ||| Stepping ~*~*~tactically~*~*~ (stealth).
 46796 | Vaults:5 | 46796 ||| Stepping ~*~*~tactically~*~*~ (stealth).
 46797 | Vaults:5 | 46797 ||| Stepping ~*~*~tactically~*~*~ (stealth).
 46798 | Vaults:5 | 46798 ||| Stepping ~*~*~tactically~*~*~ (stealth).
 46799 | Vaults:5 | 46799 ||| Stepping ~*~*~tactically~*~*~ (stealth).
 46801 | Vaults:5 | 46801 ||| Stepping ~*~*~tactically~*~*~ (hiding).
 46811 | Vaults:5 | Identified the +9 rapier of the Solstice {freeze, *Slow
                  | rCorr Stlth+}
 46827 | Vaults:5 | Reached skill level 21 in Armour
 46828 | Vaults:5 | 46828 ||| INVOKING Heroism.
 46843 | Vaults:5 | 46843 ||| Stepping ~*~*~tactically~*~*~ (stealth).
 46864 | Vaults:5 | Received a gift from Okawaru
 46872 | Vaults:5 | Identified the +4 falchion of Damp Tender Mercy {freeze,
                  | rElec Will- MP+9 Dex+8}
 46912 | Vaults:5 | 46912 ||| Stepping ~*~*~tactically~*~*~ (stealth).
 46915 | Vaults:5 | 46915 ||| Stepping ~*~*~tactically~*~*~ (hiding).
 46920 | Vaults:5 | 46920 ||| Stepping ~*~*~tactically~*~*~ (hiding).
 46936 | Vaults:5 | 46936 ||| Stepping ~*~*~tactically~*~*~ (hiding).
 46939 | Vaults:5 | 46939 ||| Stepping ~*~*~tactically~*~*~ (hiding).
 47190 | Vaults:5 | 47190 ||| INVOKING Heroism.
 47191 | Vaults:5 | 47191 ||| INVOKING Finesse.
 47257 | Vaults:5 | Identified the +9 war axe of Fixation {venom, rPois Dex+4}
 47261 | Vaults:5 | 47261 ||| INVOKING Heroism.
 47271 | Vaults:5 | 47271 ||| Stepping ~*~*~tactically~*~*~ (hiding).
 47296 | Vaults:5 | 47296 ||| Stepping ~*~*~tactically~*~*~ (hiding).
 47297 | Vaults:5 | 47297 ||| Stepping ~*~*~tactically~*~*~ (hiding).
 47341 | Vaults:5 | Got a silver rune of Zot
 47474 | Vaults:5 | 47474 ||| Stepping ~*~*~tactically~*~*~ (stealth).
 47475 | Vaults:5 | 47475 ||| Stepping ~*~*~tactically~*~*~ (stealth).
 47476 | Vaults:5 | 47476 ||| Stepping ~*~*~tactically~*~*~ (stealth).
 47498 | Vaults:5 | 47498 ||| Stepping ~*~*~tactically~*~*~ (hiding).
 47506 | Vaults:5 | 47506 ||| Stepping ~*~*~tactically~*~*~ (stealth).
 47508 | Vaults:5 | 47508 ||| Stepping ~*~*~tactically~*~*~ (stealth).
 47514 | Vaults:5 | 47514 ||| INVOKING Heroism.
 47523 | Vaults:5 | Reached skill level 23 in Fighting
 47537 | Vaults:5 | Identified the +0 pair of boots "Gecvess" {Harm rF+ Str+9
                  | Stlth-} (Okawaru gifted it to you on level 5 of the Vaults)
 47537 | Vaults:5 | Received a gift from Okawaru
 47603 | Vaults:5 | 47603 ||| Stepping ~*~*~tactically~*~*~ (hiding).
 47640 | Vaults:5 | 47640 ||| INVOKING Heroism.
 47871 | Vaults:5 | Identified the amulet of Ciavovo {Spirit rC+}
 47897 | Vaults:5 | Identified the +5 chain mail of the Bells {Rampage rC+ MP+9
                  | Str+4}
 47899 | Vaults:5 | Identified the +9 hand axe of the Conjuring Genius {speed,
                  | *Slow rElec rCorr Dex+4}
 47901 | Vaults:5 | Identified the +1 plate armour "Unameoma" {+Inv Int+4
                  | Dex-2}
 48113 | Vaults:5 | 48113 ||| PLANNING SHOPPING SPREE
 48113 | Vaults:5 | 48113 ||| DROPPING +1 plate armour "Unameoma" {+Inv Int+4
                  | Dex-2}.
 48114 | Vaults:5 | 48114 ||| DROPPING amulet of guardian spirit.
 48115 | Vaults:5 | 48115 ||| DROPPING +6 ring of dexterity.
 48409 | D:11     | 48409 ||| PLANNING ZOT:1-4
 48572 | Zot:1    | Entered Level 1 of the Realm of Zot
 48573 | Zot:1    | 48573 ||| DRINKING 4 potions of mutation.
 48573 | Zot:1    | Lost mutation: You are strong-willed. (Will+) [potion of
                  | mutation]
 48573 | Zot:1    | Lost mutation: Your body sometimes deteriorates upon taking
                  | damage. [potion of mutation]
 48573 | Zot:1    | Lost mutation: You are clumsy. (Dex -2) [potion of
                  | mutation]
 48573 | Zot:1    | Gained mutation: You are partially covered in iridescent
                  | scales. (AC +2) [potion of mutation]
 48574 | Zot:1    | 48574 ||| DRINKING 3 potions of mutation.
 48574 | Zot:1    | Lost mutation: You are partially covered in iridescent
                  | scales. (AC +2) [potion of mutation]
 48574 | Zot:1    | Lost mutation: You are vulnerable to heat. (rF-) [potion of
                  | mutation]
 48574 | Zot:1    | Gained mutation: You are covered in fur. (AC +1) [potion of
                  | mutation]
 48574 | Zot:1    | Gained mutation: You have a pair of small antennae on your
                  | head. [potion of mutation]
 48591 | Zot:1    | 48591 ||| Stepping ~*~*~tactically~*~*~ (hiding).
 48597 | Zot:1    | Noticed an orb of fire
 48598 | Zot:1    | 48598 ||| DRINKING 9 potions of resistance.
 48598 | Zot:1    | Gained mutation: Potions are less effective at restoring
                  | your health. [an orb of fire]
 48599 | Zot:1    | 48599 ||| INVOKING Heroism.
 48600 | Zot:1    | 48600 ||| INVOKING Finesse.
 48611 | Zot:1    | Gained mutation: You are weak. (Str -2) [an orb of fire]
 48614 | Zot:1    | Killed an orb of fire
 48638 | Zot:1    | HP: 40/176 [electric golem/bolt of lightning (8)]
 48639 | Zot:1    | 48639 ||| READING 23 scrolls of teleportation.
 48640 | Zot:1    | 48640 ||| DRINKING 5 potions of heal wounds.
 48641 | Zot:1    | 48641 ||| DRINKING 4 potions of heal wounds.
 48642 | Zot:1    | 48642 ||| DRINKING 3 potions of heal wounds.
 48652 | Zot:1    | 48652 ||| Stepping ~*~*~tactically~*~*~ (hiding).
 48657 | Zot:1    | 48657 ||| Stepping ~*~*~tactically~*~*~ (hiding).
 48658 | Zot:1    | 48658 ||| Stepping ~*~*~tactically~*~*~ (hiding).
 48663 | Zot:1    | 48663 ||| INVOKING Heroism.
 48665 | Zot:1    | HP: 37/176 [electric golem/bolt of lightning (9)]
 48666 | Zot:1    | 48666 ||| READING 22 scrolls of teleportation.
 48667 | Zot:1    | 48667 ||| DRINKING 2 potions of heal wounds.
 48779 | Zot:1    | 48779 ||| DRINKING 2 potions of mutation.
 48779 | Zot:1    | Lost mutation: You are weak. (Str -2) [potion of mutation]
 48779 | Zot:1    | Lost mutation: You are covered in fur. (AC +1) [potion of
                  | mutation]
 48779 | Zot:1    | Gained mutation: You are frail. (-10% HP) [potion of
                  | mutation]
 48780 | Zot:1    | 48780 ||| DRINKING potion of mutation.
 48780 | Zot:1    | Lost mutation: You are frail. (-10% HP) [potion of
                  | mutation]
 48780 | Zot:1    | Lost mutation: Potions are less effective at restoring your
                  | health. [potion of mutation]
 48780 | Zot:1    | Lost mutation: You have a pair of small antennae on your
                  | head. [potion of mutation]
 48780 | Zot:1    | Gained mutation: Your mind is acute. (Int +4, Str/Dex -1)
                  | [potion of mutation]
 48780 | Zot:1    | Gained mutation: You occasionally lose the ability to drink
                  | potions when taking damage. [potion of mutation]
 48797 | Zot:1    | 48797 ||| INVOKING Heroism.
 48809 | Zot:1    | Reached XP level 26. HP: 149/183 MP: 29/30
 48827 | Zot:1    | HP: 30/183 [something/shard of ice (22)]
 48828 | Zot:1    | 48828 ||| READING 21 scrolls of teleportation.
 48829 | Zot:1    | HP: 13/183 [electric golem/bolt of lightning (4)]
 48829 | Zot:1    | Killed from afar by a black draconian knight

Levels and vault maps discovered:
D:1:      co_arrival_square_in_a_square_in_a_square, layout_rooms,
          hellmonk_ecumenical_altar_zigzags, minmay_ruptured
D:2:      minmay_alternating_diamond, layout_loops_corners, minmay_puff
D:3:      layout_loops_ring, nicolae_hepliaklqana_hippocampus
D:4:      layout_basic, minmay_temple_entry_glass, minmay_crystal_water
D:5:      layout_cave_pools, lemuel_crystal_altar,
          gammafunk_ghost_abyssal_escape, uniq_duvessa
D:6:      gammafunk_cloud_chamber, layout_layer_cave, lemuel_doored_altar,
          serial_shops, nicolae_shop_trees, nicolae_grassy_gnolls
D:7:      layout_rooms
D:8:      layout_basic, grunt_dithmenos_smoke, ebering_ghost_funeral_grove,
          uniq_grum
D:9:      layout_grid_maze, mainiacjoe_overflow_concentric_impassable,
          serial_nicolae_subway, nicolae_sub_station_metal,
          nicolae_sub_station_crystal, nicolae_sub_station_stone
D:10:     layout_basic, nicolae_gozag_cash_rules_everything_around_me,
          zin_statuary, hangedman_decor_riveting, uniq_maggie
D:11:     layout_gridville, lair_entry_dummy, serial_shops,
          kennysheep_little_box, grunt_ministairs_9, uniq_fannar, uniq_harold,
          uniq_snorg, uniq_urug
D:12:     layout_roguey, zombieorc1_lemuel
D:13:     minmay_the_grid_square_5x5_5x5
          [minmay_the_grid_square_5x5_broken_cross,
          minmay_the_grid_square_5x5_dogpile, minmay_the_grid_square_5x5_three,
          minmay_the_grid_square_5x5_minimal,
          minmay_the_grid_square_5x5_misaligned, minmay_the_grid_square_5x5_z,
          minmay_the_grid_square_5x5_prize_open,
          minmay_the_grid_square_5x5_lines,
          minmay_the_grid_square_5x5_prize_rear_guard,
          minmay_the_grid_square_5x5_minibox,
          minmay_the_grid_square_5x5_one_wall, minmay_the_grid_square_5x5_comb,
          minmay_the_grid_square_5x5_prize_gold,
          minmay_the_grid_square_5x5_seven, minmay_the_grid_square_5x5_n,
          minmay_the_grid_square_5x5_bracketed,
          minmay_the_grid_square_5x5_prize_junk,
          minmay_the_grid_square_5x5_percent,
          minmay_the_grid_square_5x5_prize_pseudospiral,
          minmay_the_grid_square_5x5_three_small,
          minmay_the_grid_square_5x5_doubleslash,
          minmay_the_grid_square_5x5_inner_v,
          minmay_the_grid_square_5x5_intrusive_squares,
          minmay_the_grid_square_5x5_sharp_hourglass,
          minmay_the_grid_square_5x5_almost_minimal], layout_gridville,
          nicolae_yredelemnul_corpse_copse
D:14:     layout_basic, david_vaults_5
D:15:     hangedman_depths_entry_try_elsewhere_first, layout_basic,
          serial_shops, shop, dreamdust_mushroom_princess, tso_metal_star
Temple:   nicolae_temple_bog_church
Lair:1:   wad_woods_stonehenge, layout_regular_city,
          chequers_serial_rivers_micro_b, infiniplex_staircase_pool,
          grunt_megastairs_4
Lair:2:   layout_cave_pods, shoals_dummy_entry, uniq_gastronok
Lair:3:   layout_layer_cave, spider_nest_entry_rubble,
          infiniplex_staircase_pool_2
Lair:4:   layout_gridlike, slime_entry_1, hellmonk_ghost_happy_afterlife,
          grunt_megastairs_3
Lair:5:   hellmonk_lair_end_abyssal_woods, layout_cave_shapes,
          grunt_megastairs_1
Shoals:1: layout_shoals, serial_shops, shop, nicolae_shoals_water_booths
Shoals:2: layout_shoals, serial_shops, shop, nicolae_shop_self_help
Shoals:3: layout_shoals
Shoals:4: shoals_end_hellmonk_lost_city, uniq_polyphemus
Spider:1: layout_spider_delve, beargit_elvish_explorers
Spider:2: layout_spider_delve, nicolae_spider_shape
Spider:3: nicolae_spider_mines_1
Spider:4: grunt_spider_rune_circles, portal_ice_cave_entry_frozen_things,
          uniq_donald
Orc:1:    cheibrodos_orc_guarddog, layout_caves, enter_volcano_4,
          nicolae_orc_jurassic_orc, nicolae_orc_lost_temple, uniq_josephine
Orc:2:    st_orc_mages, layout_caves, mines4_lemuel, uniq_azrael
Vaults:1: vaults_room_fours, vaults_mumra_chevron, v_alt_pattern_4,
          vaults_standard_mumra_enter_the_diamond,
          nicolae_vaults_border_crossing, nicolae_vaults_twisting_passages,
          v_misc_8, v_misc_18, v_alt_pattern_2, v_alt_pattern_1,
          ontoclasm_vaults_pinch, nicolae_vaults_circle_grid_b,
          layout_vaults_maze, serial_shops,
          nicolae_shop_competitors_out_of_business
Vaults:2: vaults_mumra_minichess, minmay_crypt_entry_nasty_monster,
          v_alt_pattern_3, v_alt_pattern_4, vaults_room_semicircle,
          hangedman_vaults_cutoff, vaults_room_pools, grunt_vaults_diagonal,
          ontoclasm_vaults_spin, nicolae_vaults_mini_display_case,
          layout_vaults_chaotic_city
Vaults:3: gammafunk_ghost_mausoleum, v_misc_25, st_lattice, vaults_room_fours,
          vaults_standard_mumra_lines, v_misc_17, vaults_dpeg_spiral, v_misc_33,
          v_misc_2, v_rooms_3, ontoclasm_vaults_misaligned,
          nicolae_vaults_little_squares_3, vaults_room_corners,
          layout_vaults_omnibox, uniq_zenata
Vaults:4: ploomutoo_gammafunk_ghost_potion_laboratory, hangedman_vaults_slice,
          nicolae_vaults_network_periphery, ontoclasm_vaults_shuriken,
          vaults_room_semicircle, nicolae_vaults_little_squares_6,
          special_room_vaults [special_room_orc], vaults_dpeg_hooks,
          ontoclasm_vaults_ring_square, layout_vaults_omnigrid
Vaults:5: serial_shops
Depths:1: layout_cave_shapes, kennysheep_another_room, abyss_entry_flame_altar,
          serial_shops, shop, hangedman_geh_valley, hangedman_aerie_drop,
          kennysheep_random_hallway
Depths:2: minmay_inner_zag, layout_gridlike, enter_ziggurat_c, serial_shops,
          shop, hangedman_decor_opposing, pf_hell_entry_tar_spiral,
          rand_demon_pan_entry_1, infiniplex_staircase_zigzag_2
Depths:3: lemuel_flame_loot_2, layout_gridlike, hell_entry, abyss_entry_crystal,
          bh_walls_and_bars, minmay_holes, nemelex_altar_shiori
Depths:4: grunt_x_marks_the_spot, layout_gridlike, serial_shops,
          nicolae_shop_waterfront, minmay_tree_intersection,
          hangedman_coc_ice_floe, chequers_serial_rivers_large_b,
          uniq_enchantress
Zot:1:    layout_basic

Skill      XL: |  1  2  3  4  5  6  7  8  9 10 11 12 13 14 15 16 17 18 19 20 21 22 23 24 25 |
---------------+----------------------------------------------------------------------------+-----
Axes           | 2 3 4 5 6 8 9 10 11 13 14 16 18 | 18.0
Fighting       | 4 6 7 8 9 10 11 12 13 14 16 17 19 20 22 23 | 23.4
Dodging        | 1 2 3 4 5 6 7 8 |  8.0
Invocations    | 2 4 8 10 | 10.0
Shields        | 4 5 6 7 8 9 14 15 16 17 20 21 22 | 22.0
Armour         | 4 6 7 8 9 11 12 17 18 20 21 | 21.0
Throwing       | 1 3 4 6 7 10 11 13 | 13.0

Action                   |  1- 3 |  4- 6 |  7- 9 | 10-12 | 13-15 | 16-18 | 19-21 | 22-24 | 25-27 || total
-------------------------+-------+-------+-------+-------+-------+-------+-------+-------+-------++-------
Melee: War axe           |    75 |   132 |   251 |   331 |       |       |       |       |       ||   789
       Broad axe         |       |       |       |    20 |   724 |  1165 |   815 |  1141 |   467 ||  4332
       Morningstar       |       |       |       |       |    42 |    18 |       |       |       ||    60
Throw: Boomerang         |       |       |       |    16 |     3 |    26 |       |       |       ||    45
       Javelin           |       |       |       |    35 |   152 |   117 |    75 |   133 |    28 ||   540
Invok: Heroism           |       |     1 |    15 |    17 |    36 |    52 |    26 |    32 |    15 ||   194
       Finesse           |       |       |       |     4 |     7 |    12 |     5 |     8 |     2 ||    38
  Use: Scroll            |     2 |     7 |    10 |     6 |     3 |     7 |     1 |     3 |     4 ||    43
       Potion            |     1 |     4 |     4 |       |       |     3 |     3 |     3 |    10 ||    28
 Stab: Distracted        |       |       |       |       |     1 |     1 |     1 |       |       ||     3
       Petrified         |       |       |       |       |       |     3 |     2 |       |       ||     5
Armor: Scale mail        |    43 |    60 |    87 |    50 |   332 |   629 |   165 |       |       ||  1366
       Chain mail        |       |       |    49 |    97 |       |       |       |       |       ||   146
       Plate armour      |       |       |       |       |       |       |    90 |   383 |   218 ||   691
Dodge: Dodged            |    36 |    33 |   102 |   117 |   207 |   502 |   159 |   173 |   118 ||  1447
Block: Buckler           |    17 |    20 |    59 |    87 |   381 |    45 |       |       |       ||   609
       Reflection        |       |       |       |       |    20 |    43 |    51 |    23 |    21 ||   158
       Kite shield       |       |       |       |       |       |   925 |   471 |    20 |       ||  1416
       Tower shield      |       |       |       |       |       |       |       |   910 |   478 ||  1388

Table legend:
 A = Non-vault XP
 B = Vault XP
 C = Vault XP percentage of total XP
 D = Non-vault monster count
 E = Vault monster count
 F = Vault count percentage of total count
                 A         B        C        D         E       F
            +---------+---------+-------+---------+---------+-------
      Total |  523205 |  362303 |  40.9 |    1180 |     622 |  34.5
            +---------+---------+-------+---------+---------+-------
        D:1 |      54 |       2 |   3.6 |      24 |       1 |   4.0
        D:2 |      80 |      27 |  25.2 |      20 |       7 |  25.9
        D:3 |      87 |       0 |   0.0 |      12 |       0 |   0.0
        D:4 |     101 |       0 |   0.0 |      10 |       0 |   0.0
        D:5 |     552 |     209 |  27.5 |      15 |       2 |  11.8
        D:6 |    1006 |     130 |  11.4 |      29 |       4 |  12.1
        D:7 |     702 |       0 |   0.0 |       8 |       0 |   0.0
        D:8 |     876 |     436 |  33.2 |      15 |       3 |  16.7
        D:9 |    1207 |       0 |   0.0 |      13 |       0 |   0.0
       D:10 |    1987 |     409 |  17.1 |      18 |       1 |   5.3
       D:11 |    5861 |    4875 |  45.4 |      23 |       6 |  20.7
       D:12 |    3747 |    1437 |  27.7 |      15 |      29 |  65.9
       D:13 |    4597 |   33285 |  87.9 |       9 |      63 |  87.5
       D:14 |    8390 |    4981 |  37.3 |      23 |       8 |  25.8
       D:15 |   10007 |    2043 |  17.0 |      19 |       3 |  13.6
     Lair:1 |    1656 |    2203 |  57.1 |      14 |       7 |  33.3
     Lair:2 |   10588 |    1533 |  12.6 |      40 |       1 |   2.4
     Lair:3 |    9304 |     223 |   2.3 |      24 |       1 |   4.0
     Lair:4 |    8367 |     574 |   6.4 |      20 |       5 |  20.0
     Lair:5 |   12021 |   13185 |  52.3 |      36 |      51 |  58.6
   Shoals:1 |   15449 |    3040 |  16.4 |      33 |       5 |  13.2
   Shoals:2 |   13820 |       0 |   0.0 |      32 |       0 |   0.0
   Shoals:3 |   12699 |       0 |   0.0 |      24 |       0 |   0.0
   Shoals:4 |   12576 |   27216 |  68.4 |      26 |      36 |  58.1
   Spider:1 |   41999 |    7128 |  14.5 |     107 |      12 |  10.1
   Spider:2 |    7991 |     223 |   2.7 |      18 |       1 |   5.3
   Spider:3 |   26910 |    2021 |   7.0 |      67 |       6 |   8.2
   Spider:4 |   17838 |   23043 |  56.4 |      42 |      43 |  50.6
      Orc:1 |     986 |    2026 |  67.3 |      19 |       7 |  26.9
      Orc:2 |    2116 |    8750 |  80.5 |      28 |      51 |  64.6
   Vaults:1 |   20261 |   20708 |  50.5 |      39 |      28 |  41.8
   Vaults:2 |   25447 |   16126 |  38.8 |      37 |      19 |  33.9
   Vaults:3 |   32753 |   23638 |  41.9 |      47 |      38 |  44.7
   Vaults:4 |   25877 |   31563 |  54.9 |      41 |      49 |  54.4
   Vaults:5 |   19151 |   85747 |  81.7 |      23 |      80 |  77.7
   Depths:1 |   25183 |   10843 |  30.1 |      30 |      21 |  41.2
   Depths:2 |   36875 |    6571 |  15.1 |      43 |       7 |  14.0
   Depths:3 |   37709 |    7985 |  17.5 |      42 |       9 |  17.6
   Depths:4 |   15530 |   20123 |  56.4 |      16 |      18 |  52.9
      Zot:1 |   17794 |       0 |   0.0 |      12 |       0 |   0.0
    Abyss:1 |   13379 |       0 |   0.0 |      35 |       0 |   0.0
    Abyss:2 |   19672 |       0 |   0.0 |      32 |       0 |   0.0
            +---------+---------+-------+---------+---------+-------
